 Dungeon Crawl Stone Soup version 0.30.0 (webtiles) character file.

Game seed: 3232051885481364160

1320822 steven32 the Pyromancer (level 27, 216/216 HPs)
             Began as a Pale Draconian Conjurer on May 9, 2023.
             Was a High Priest of Sif Muna.
             Escaped with the Orb
             ... and 3 runes!
             The game lasted 03:39:23 (127611 turns).

steven32 the Pyromancer (Pale Draconian Conjurer) Turns: 127611, Time: 03:39:23

Health: 216/216    AC: 28    Str: 10    XL:     27
Magic:  31/42      EV: 17    Int: 40    God:    Sif Muna [*****.]
Gold:   4191       SH: 15    Dex: 14    Spells: 2/56 levels left

rFire   + + +        b - staff of cold "Ajapran" {rPois rF+ rC+ Will+ Dex+3}
rCold   + + +        x - +2 shield of Resistance {rF++ rC++ Will++}
rNeg    . . .        (body armour unavailable)
rPois   +            l - +2 hat
rElec   .            R - +4 dragonskin cloak
rCorr   +            B - +4 pair of gloves of the Jabberwock {+Inv rF+}
SInv    .            T - +2 pair of boots {Stlth+}
Will    +++++        J - amulet "Opoerib" {Regen+ Int+3}
Stlth   +            M - ring of Damixtur {rCorr Int+4}
HPRegen 1.36/turn    y - ring of the Mage {Wiz Archmagi}
MPRegen 0.28/turn

%: wizardry (x1), archmagi
@: studying 2 skills
A: breathe steam, AC +13, unfitting armour, cold-blooded, steam resistance,
horns 1, clever 1, frail 1, MP-powered wands, noise suppression
0: Orb of Zot
}: 3/15 runes: barnacled, silver, gossamer
a: Breathe Steam, Renounce Religion, Evoke Invisibility, Channel Magic, Forget
Spell, Divine Exegesis


You escaped.
You worshipped Sif Muna.
Sif Muna was extremely pleased with you.
You visited 11 branches of the dungeon, and saw 51 of its levels.
You visited 1 bazaar.

You collected 7601 gold pieces.
You spent 3410 gold pieces at shops.

Inventory:

Hand Weapons
 a - the +8 rapier of Benevolence {pain, rElec}
   (You found it on level 3 of the Elven Halls)

   rElec:     It insulates you from electricity.
 j - a +12 club of flaming
Missiles
 s - a throwing net
Armour
 l - a +2 hat (worn)
 x - the +2 shield of Resistance (worn) {rF++ rC++ Will++}
   (You found it on level 5 of the Vaults)

   rF:        It greatly protects you from fire.
   rC:        It greatly protects you from cold.
   Will:      It greatly increases your willpower.
 B - the +4 pair of gloves of the Jabberwock (worn) {+Inv rF+}
   (You acquired it on level 1 of the Realm of Zot)

   rF:        It protects you from fire.
   +Inv:      It lets you turn invisible.
 R - the +4 dragonskin cloak (worn)
   (You took it off Tiamat on level 1 of the Realm of Zot)

   Avatar's Aegis: It grants the wearer a chance to resist fire, cold, poison,
   electricity, acid, and negative energy.
 T - a +2 pair of boots of stealth (worn)
Magical Staves
 b - the staff of cold "Ajapran" (weapon) {rPois rF+ rC+ Will+ Dex+3}
   (You found it on level 1 of the Vaults)

   [staff of cold]

   Base accuracy: +5 Base damage: 5 Base attack delay: 1.2 This weapon's minimum
   attack delay (0.6) is reached at skill level 12.
   Dex:       It affects your dexterity (+3).
   rF:        It protects you from fire.
   rC:        It protects you from cold.
   rPois:     It protects you from poison.
   Will:      It increases your willpower.
   It falls into the 'Staves' category.
   It is a one-handed weapon.
Jewellery
 f - a ring of protection from fire
 y - the ring of the Mage (right hand) {Wiz Archmagi}
   (You bought it in a shop in a bazaar)

   [ring of wizardry]

   It improves your spell success rate.
   Archmagi:  It increases the power of your magical spells.
 D - a ring of protection from cold
 J - the amulet "Opoerib" (around neck) {Regen+ Int+3}
   (You bought it in a shop on level 2 of the Orcish Mines)

   [amulet of regeneration]

   Int:       It affects your intelligence (+3).
   Regen:     It increases your rate of health regeneration.
 L - a ring of see invisible
 M - the ring of Damixtur (left hand) {rCorr Int+4}
   (You bought it in a shop on level 2 of the Orcish Mines)

   [ring of resist corrosion]

   Int:       It affects your intelligence (+4).
   rCorr:     It protects you from acid and corrosion.
 X - the ring of Cieloc {Fire Will+ Slay+2}
   (You found it on level 3 of the Depths)

   [ring of fire]

   It enhances your fire magic.
   Slay:      It affects your accuracy & damage with ranged weapons and melee
   (+2).
   rF:        It protects you from fire.
   rC:        It makes you vulnerable to cold.
   Will:      It increases your willpower.
Wands
 o - a wand of light (16)
 p - a wand of charming (37)
 r - a wand of mindburst (29)
 C - a wand of iceblast (23)
 K - a wand of flame (88)
 N - a wand of polymorph (29)
 P - a wand of digging (1)
Scrolls
 d - 19 scrolls of poison
 g - a scroll of brand weapon
 i - 17 scrolls of teleportation
 m - 8 scrolls of vulnerability
 t - 11 scrolls of fear
 u - 2 scrolls of blinking
 w - 13 scrolls of immolation
 A - 3 scrolls of torment
 E - 5 scrolls of butterflies
 F - 2 scrolls of enchant weapon
 G - 3 scrolls of fog
 S - 10 scrolls of enchant armour
Potions
 c - 6 potions of cancellation
 e - 15 potions of curing
 h - 12 potions of flight
 k - 7 potions of lignification
 n - 10 potions of might
 q - 4 potions of mutation
 v - 10 potions of attraction
 z - 4 potions of berserk rage
 H - 2 potions of haste
 I - 11 potions of brilliance
 O - 13 potions of ambrosia
 Q - 2 potions of magic
 U - 3 potions of resistance
 V - a potion of invisibility
Miscellaneous
 W - a lightning rod (4/4)
 Y - a condenser vane


   Skills:
 - Level 18.4 Fighting
 - Level 12.0 Dodging
 - Level 4.0 Stealth
 + Level 15.9 Shields
 - Level 15.0 Spellcasting
 - Level 24.0 Conjurations
 - Level 8.0 Necromancy
 - Level 6.0 Translocations
 - Level 12.0 Transmutations
 - Level 24.0 Fire Magic
 - Level 12.0 Air Magic
 - Level 16.0 Earth Magic
 - Level 12.0 Invocations
 - Level 8.0 Evocations


You had 2 spell levels left.
You knew the following spells:

 Your Spells              Type           Power      Damage    Failure   Level
a - Blink                 Tloc           100%       N/A       1%          2
b - Plasma Beam           Fire/Air       65%        2x1d89    1%          6
c - Borgnjor's Vile Clut  Necr/Erth      56%        N/A       1%          5
d - Irradiate             Conj/Tmut      65%        3d33      1%          5
e - Ignition              Fire           73%        3d19      1%          8
f - Fire Storm            Conj/Fire      73%        8d18      4%          9
g - Iron Shot             Conj/Erth      68%        9d13      1%          6
i - Ignite Poison         Fire/Tmut/Pois 100%       N/A       1%          3
s - Statue Form           Tmut/Erth      79%        N/A       1%          6
v - Poisonous Vapours     Pois/Air       100%       N/A       1%          2
z - Sublimation of Blood  Necr           96%        N/A       1%          2

Your spell library contained the following spells:

 Spells                   Type           Power      Damage    Failure   Level
 Foxfire                  Conj/Fire      100%       2x1d9     0%          1
 Kiss of Death            Conj/Necr      100%       2d13      0%          1
 Magic Dart               Conj           100%       1d8       0%          1
 Sandblast                Erth           100%       2d20      0%          1
 Shock                    Conj/Air       100%       1d9       0%          1
 Momentum Strike          Conj/Tloc      100%       3d10      0%          2
 Passwall                 Tmut/Erth      99%        N/A       0%          2
 Scorch                   Fire           100%       2d9       0%          2
 Searing Ray              Conj           100%       2d8       0%          2
 Static Discharge         Conj/Air       100%       2-7/arc   0%          2
 Wereblood                Tmut           100%       N/A       0%          2
 Apportation              Tloc           100%       N/A       1%          1
 Freeze                   Ice            100%       1d10      1%          1
 Necrotise                Necr           100%       1d9       1%          1
 Slow                     Hex            100%       N/A       1%          1
 Sting                    Tmut/Pois      100%       1d8       1%          1
 Summon Small Mammal      Summ           100%       N/A       1%          1
 Cigotuvi's Dreadful Rot  Necr/Pois/Air  100%       N/A       1%          2
 Ensorcelled Hibernation  Hex/Ice        100%       N/A       1%          2
 Lesser Beckoning         Tloc           100%       N/A       1%          2
 Stone Arrow              Conj/Erth      100%       3d13      0%          3
 Volatile Blastmotes      Fire/Tloc      100%       2d18      0%          3
 Flame Wave               Conj/Fire      100%       2d21      0%          4
 Sticky Flame             Conj/Fire      100%       2d11      0%          4
 Fireball                 Conj/Fire      73%        3d27      0%          5
 Iskenderun's Battlesphe  Conj           100%       2d15      0%          5
 Starburst                Conj/Fire      73%        6d19      0%          6
 Dazzling Flash           Conj/Hex       100%       N/A       1%          3
 Gell's Gravitas          Tloc           86%        N/A       1%          3
 Hailstorm                Conj/Ice       100%       3d20      1%          3
 Inner Flame              Hex/Fire       100%       N/A       1%          3
 Mephitic Cloud           Conj/Pois/Air  100%       N/A       1%          3
 Portal Projectile        Hex/Tloc       100%       N/A       1%          3
 Spider Form              Tmut/Pois      86%        N/A       1%          3
 Swiftness                Air            100%       N/A       1%          3
 Teleport Other           Tloc           86%        N/A       1%          3
 Vampiric Draining        Necr           96%        2d12      1%          3
 Vhi's Electric Charge    Tloc/Air       100%       N/A       1%          3
 Airstrike                Air            56%        2d(8-24)  1%          4
 Anguish                  Hex/Necr       37%        N/A       1%          4
 Dispel Undead            Necr           96%        3d30      1%          4
 Fulminant Prism          Conj/Hex       56%        3d24      1%          4
 Ice Form                 Ice/Tmut       100%       N/A       1%          4
 Iskenderun's Mystic Bla  Conj/Tloc      100%       2d19      1%          4
 Leda's Liquefaction      Hex/Erth       48%        N/A       1%          4
 Manifold Assault         Tloc           86%        N/A       1%          4
 Passage of Golubria      Tloc           86%        N/A       1%          4
 Petrify                  Tmut/Erth      100%       N/A       1%          4
 Summon Lightning Spire   Summ/Air       86%        N/A       1%          4
 Agony                    Necr           96%        N/A       1%          5
 Alistair's Intoxication  Tmut/Pois      57%        N/A       1%          5
 Arcjolt                  Conj/Air       65%        1d75      1%          5
 Blade Hands              Tmut           56%        N/A       1%          5
 Freezing Cloud           Conj/Ice/Air   68%        6-21      1%          5
 Lee's Rapid Deconstruct  Erth           63%        3d29*     1%          5
 Silence                  Hex/Air        43%        N/A       1%          5
 Yara's Violent Unravell  Hex/Tmut       43%        3d17      1%          5
 Conjure Ball Lightning   Conj/Air       65%        3x3d23    1%          6
 Orb of Destruction       Conj           73%        9d17      1%          7
 Lehudib's Crystal Spear  Conj/Erth      68%        10d16     1%          8
 Call Canine Familiar     Summ           45%        N/A       2%          3
 Confusing Touch          Hex            45%        N/A       2%          3
 Frozen Ramparts          Ice            100%       1d16      2%          3
 Ozocubu's Armour         Ice            61%        N/A       2%          3
 Summon Guardian Golem    Hex/Summ       45%        N/A       2%          3
 Tukima's Dance           Hex            45%        N/A       2%          3
 Death Channel            Necr           48%        N/A       4%          6
 Dragon Form              Tmut           56%        N/A       5%          7
 Spellforged Servitor     Conj/Summ      56%        N/A       5%          7
 Storm Form               Tmut/Air       56%        N/A       5%          7
 Summon Forest            Summ/Tloc      34%        N/A       7%          5
 Cause Fear               Hex            22%        N/A       9%          4
 Olgreb's Toxic Radiance  Pois           45%        N/A       9%          4
 Summon Ice Beast         Ice/Summ       61%        N/A       9%          4
 Dispersal                Tloc           43%        N/A       11%         6
 Eringya's Noxious Bog    Tmut/Pois      43%        N/A       11%         6
 Metabolic Englaciation   Hex/Ice        30%        N/A       22%         5
 Summon Mana Viper        Hex/Summ       45%        N/A       22%         5
 Simulacrum               Ice/Necr       48%        N/A       24%         6
 Maxwell's Capacitive Co  Air            56%        ∞         36%         8
 Chain Lightning          Conj/Air       65%        3d87      45%         9
 Necromutation            Tmut/Necr      52%        N/A       63%         8
 Shatter                  Erth           63%        3d47*     71%         9
 Summon Cactus Giant      Summ           22%        N/A       75%         6
 Haunt                    Necr/Summ      37%        N/A       77%         7
 Borgnjor's Revivificati  Necr           48%        N/A       87%         8
 Infestation              Necr           48%        N/A       87%         8
 Disjunction              Tloc           43%        N/A       98%         8
 Enfeeble                 Hex            22%        N/A       99%         7
 Monstrous Menagerie      Summ           22%        N/A       99%         7
 Summon Hydra             Summ           22%        N/A       99%         7
 Discord                  Hex            22%        N/A       100%        8
 Summon Horrible Things   Summ           22%        N/A       100%        8
 Death's Door             Necr           48%        N/A       100%        9
 Animate Armour           Summ/Erth      Unusable   N/A       N/A         4

Dungeon Overview and Level Annotations

Branches:
Dungeon (15/15)            Temple (1/1) D:7            Lair (5/5) D:8
 Shoals (4/4) Lair:3       Spider (4/4) Lair:3        Slime (0/5) Lair:4
    Orc (2/2) D:10            Elf (3/3) Orc:2        Vaults (5/5) D:13
  Crypt (3/3) Vaults:2       Tomb (0/3) Crypt:3      Depths (4/4) D:15
    Zot (5/5) Depths:4

Altars:
Ashenzari
Cheibriados
Dithmenos
Elyvilon
Fedhas
Gozag
Hepliaklqana
Kikubaaqudgha
Makhleb
Nemelex Xobeh
Okawaru
Qazlal
Ru
Sif Muna
Trog
Uskayaw
Vehumet
Wu Jian
Xom
Yredelemnul
Zin
The Shining One
Jiyva
Lugonu

Shops:
D:3 (   D:9 *   Orc:1 ?   Orc:2 ::![=   Elf:1 =[[   Elf:2 !   Vaults:1 ![
Vaults:3 [   Depths:3 (

Portals:
Hell: Depths:1 Depths:2 Depths:3 Depths:4
Abyss: Depths:2 Depths:3
Pandemonium: Depths:2
Ziggurat: Depths:4

Annotations:
Elf:1 Zenata
Elf:2 5 runed translucent doors
Zot:2 1 runed translucent door, wilo's ghost, master MfBe


Innate Abilities, Weirdness & Mutations

You can breathe blasts of scalding, opaque steam.
Your pale cyan-grey scales are hard. (AC +13)
You cannot fit into any form of body armour.
You are cold-blooded and may be slowed by cold attacks.
You are immune to the effects of steam.
You have a pair of small horns on your head.
Your mind is acute. (Int +4, Str/Dex -1)
You are frail. (-10% HP)
You expend magic power (3 MP) to strengthen your wands.
You passively dampen the noise of your surroundings.


Message History

Aiming: Iron Shot (safe; 1% risk of failure)
Press: ? - help, Shift-Dir - straight line, f/p - Killer Klown
Aim: a Killer Klown, wielding a +12 club of flaming (lightly wounded, extremely poisoned, constricted by zombie hands, 98% to hit)
You feel a surge of power!
The iron shot hits the Killer Klown!!!
The Killer Klown is heavily wounded.
The zombie hands constrict the Killer Klown!
You block the Killer Klown's attack. The Killer Klown completely misses you.
You now have 2/42 mp.
Casting: Iron Shot (safe; 1% risk of failure)
Confirm with . or Enter, or press ? or * to list all spells.
You feel a surge of power!
You draw magical energy from your own body!
The zombie hands constrict the Killer Klown!
The Killer Klown sucker-punches you with a +12 club of flaming.
You take 17 damage, and have 193/210 hp.
You regained 8 mp, and now have 10/42 mp.
Casting: Sublimation of Blood (safe; 1% risk of failure)
Confirm with . or Enter, or press ? or * to list all spells.
Aiming: Iron Shot (safe; 1% risk of failure)
Press: ? - help, Shift-Dir - straight line, f/p - Killer Klown
Aim: a Killer Klown, wielding a +12 club of flaming (severely wounded, extremely poisoned, constricted by zombie hands, 98% to hit)
You feel a surge of power!
The iron shot hits the Killer Klown!!!
You kill the Killer Klown!
Sif Muna accepts your kill.
You regained 2 hp, and now have 195/210 hp.
You now have 5/42 mp.
Casting: Iron Shot (safe; 1% risk of failure)
Confirm with . or Enter, or press ? or * to list all spells.
You feel a surge of power!
You draw magical energy from your own body!
You take 24 damage, and have 171/210 hp.
You regained 19 mp, and now have 24/42 mp.
Casting: Sublimation of Blood (safe; 1% risk of failure)
Confirm with . or Enter, or press ? or * to list all spells.
You feel a surge of power!
You draw magical energy from your own body!
You take 13 damage, and have 158/210 hp.
You regained 9 mp, and now have 33/42 mp.
You regained 2 hp, and now have 160/210 hp.
Casting: Sublimation of Blood (safe; 1% risk of failure)
Confirm with . or Enter, or press ? or * to list all spells.
Aiming: Borgnjor's Vile Clutch (mildly dangerous; 1% risk of failure)
Press: ? - help, Shift-Dir - straight line, f - ancient lich
Aim: an ancient lich (wandering, hasn't noticed you, 100% to hit)
You feel a surge of power!
The ancient lich shouts!
Zombie hands grab the ancient lich.
The zombie hands constrict the ancient lich.
The ancient lich casts a spell.
The ancient lich flickers and vanishes!
Deactivating autopickup; reactivate with Ctrl-A.
Casting: Borgnjor's Vile Clutch (mildly dangerous; 1% risk of failure)
Confirm with . or Enter, or press ? or * to list all spells.
You can't see any susceptible monsters within range! (Use Z to cast anyway.)
You now have 29/42 mp.
Unknown command.
Casting: Borgnjor's Vile Clutch (mildly dangerous; 1% risk of failure)
Confirm with . or Enter, or press ? or * to list all spells.
You can't see any susceptible monsters within range! (Use Z to cast anyway.) Unknown command.
Casting: Borgnjor's Vile Clutch (mildly dangerous; 1% risk of failure)
Confirm with . or Enter, or press ? or * to list all spells.
Aiming: Iron Shot (safe; 1% risk of failure)
Press: ? - help, Shift-Dir - straight line You feel a surge of power!
The zombie hands constrict something!
You now have 23/42 mp.
Casting: Iron Shot (safe; 1% risk of failure)
Confirm with . or Enter, or press ? or * to list all spells.
Aiming: Iron Shot (safe; 1% risk of failure)
Press: ? - help, Shift-Dir - straight line You feel a surge of power!
The iron shot hits something!!!
The zombie hands constrict something!
You regained 2 hp, and now have 164/210 hp.
You now have 17/42 mp.
Casting: Iron Shot (safe; 1% risk of failure)
Confirm with . or Enter, or press ? or * to list all spells.
Aiming: Iron Shot (safe; 1% risk of failure)
Press: ? - help, Shift-Dir - straight line You feel a surge of power!
The iron shot hits something!!!
Sif Muna accepts your kill.
Reactivating autopickup.
You feel a bit more experienced.
Your Shields skill increases to level 15!
You now have 12/42 mp.
You regained 3 mp, and now have 15/42 mp.
You regained 2 hp, and now have 168/210 hp.
You regained 4 mp, and now have 19/42 mp.
Casting: Iron Shot (safe; 1% risk of failure)
Confirm with . or Enter, or press ? or * to list all spells.
Aiming: Borgnjor's Vile Clutch (mildly dangerous; 1% risk of failure)
Press: ? - help, Shift-Dir - straight line, f - Orb Guardian
Aim: an Orb Guardian (100% to hit)
You feel a surge of power!
Zombie hands grab the Orb Guardian.
The zombie hands constrict the Orb Guardian.
The Orb Guardian struggles to escape constriction.
You now have 18/42 mp.
Casting: Borgnjor's Vile Clutch (mildly dangerous; 1% risk of failure)
Confirm with . or Enter, or press ? or * to list all spells.
Aiming: Iron Shot (safe; 1% risk of failure)
Press: ? - help, Shift-Dir - straight line, f/p - Orb Guardian
Aim: an Orb Guardian (lightly wounded, constricted by zombie hands, 100% to hit)
You feel a surge of power!
The iron shot hits the Orb Guardian!!!
The Orb Guardian is severely wounded.
The zombie hands constrict the Orb Guardian!
The Orb Guardian struggles to escape constriction. x2
You now have 17/42 mp.
Casting: Iron Shot (safe; 1% risk of failure)
Confirm with . or Enter, or press ? or * to list all spells.
Aiming: Iron Shot (safe; 1% risk of failure)
Press: ? - help, Shift-Dir - straight line, f/p - Orb Guardian
Aim: an Orb Guardian (severely wounded, constricted by zombie hands, 100% to hit)
You feel a surge of power!
The iron shot hits the Orb Guardian!!!
You kill the Orb Guardian!
Sif Muna accepts your kill.
You regained 2 hp, and now have 172/210 hp.
You now have 16/42 mp.
Casting: Iron Shot (safe; 1% risk of failure)
Confirm with . or Enter, or press ? or * to list all spells.
You feel a surge of power!
You draw magical energy from your own body!
You take 11 damage, and have 161/210 hp.
You regained 10 mp, and now have 26/42 mp.
You start resting.
You feel less invigorated.
You regained 6 mp, and now have 32/42 mp.
You start resting.
HP restored.
Health restored: 210 You regained 9 mp, and now have 41/42 mp.
You start resting.
Magic restored.
MP restored: 42
Things that are here:
a +12 club of flaming; a Killer Klown corpse An Orb Guardian is nearby!
What are your orders? t - Shout!
Orders for allies: a - Attack new target. r - Retreat! s - Stop attacking. g - Guard the area. f - Follow me.
Anything else - Cancel.
You shout for attention!
Things that are here:
a +12 club of flaming; a Killer Klown corpse You start waiting.
An Orb Guardian comes into view.
What are your orders? t - Shout!
Orders for allies: a - Attack new target. r - Retreat! s - Stop attacking. g - Guard the area. f - Follow me.
Anything else - Cancel.
You shout for attention!
Casting: Sublimation of Blood (safe; 1% risk of failure)
Confirm with . or Enter, or press ? or * to list all spells.
Aiming: Borgnjor's Vile Clutch (mildly dangerous; 1% risk of failure)
Press: ? - help, Shift-Dir - straight line, f - Orb Guardian
Aim: an Orb Guardian (100% to hit)
You feel a surge of power!
Zombie hands grab the Orb Guardian.
The zombie hands constrict the Orb Guardian.
The Orb Guardian hits you!!
You take 24 damage, and have 186/210 hp.
You now have 37/42 mp.
j - a +12 club of flaming The zombie hands constrict the Orb Guardian!
You block the Orb Guardian's attack.
Casting: Borgnjor's Vile Clutch (mildly dangerous; 1% risk of failure)
Confirm with . or Enter, or press ? or * to list all spells.
You can't see any susceptible monsters within range! (Use Z to cast anyway.)
You regained 2 hp, and now have 188/210 hp.
Casting: Borgnjor's Vile Clutch (mildly dangerous; 1% risk of failure)
Confirm with . or Enter, or press ? or * to list all spells.
Aiming: Iron Shot (safe; 1% risk of failure)
Press: ? - help, Shift-Dir - straight line, f/p - Orb Guardian
Aim: an Orb Guardian (lightly wounded, constricted by zombie hands, 100% to hit)
You feel a surge of power!
The iron shot hits the Orb Guardian!!!
The Orb Guardian is almost dead.
The zombie hands constrict the Orb Guardian!
The Orb Guardian hits you!!
The Orb Guardian hits you but does no damage.
You take 24 damage, and have 164/210 hp.
You now have 32/42 mp.
Casting: Iron Shot (safe; 1% risk of failure)
Confirm with . or Enter, or press ? or * to list all spells.
Aiming: Iron Shot (safe; 1% risk of failure)
Press: ? - help, Shift-Dir - straight line, f/p - Orb Guardian
Aim: an Orb Guardian (almost dead, constricted by zombie hands, 100% to hit)
You feel a surge of power!
The iron shot hits the Orb Guardian!!!
You kill the Orb Guardian!
Sif Muna accepts your kill.
You now have 26/42 mp.
Casting: Iron Shot (safe; 1% risk of failure)
Confirm with . or Enter, or press ? or * to list all spells.
You can't see any susceptible monsters within range! (Use Z to cast anyway.)
You start resting.
An Orb Guardian is nearby!
An Orb Guardian is nearby!
You regained 7 hp, and now have 172/210 hp.
An Orb Guardian is nearby!
Casting: Iron Shot (safe; 1% risk of failure)
Confirm with . or Enter, or press ? or * to list all spells.
Aiming: Borgnjor's Vile Clutch (mildly dangerous; 1% risk of failure)
Press: ? - help, Shift-Dir - straight line, f - Orb Guardian
Aim: an Orb Guardian (wandering, hasn't noticed you, 100% to hit)
You feel a surge of power!
Zombie hands grab the Orb Guardian.
The zombie hands constrict the Orb Guardian!
The Orb Guardian struggles to escape constriction. x2
You now have 23/42 mp.
Casting: Borgnjor's Vile Clutch (mildly dangerous; 1% risk of failure)
Confirm with . or Enter, or press ? or * to list all spells.
Aiming: Iron Shot (safe; 1% risk of failure)
Press: ? - help, Shift-Dir - straight line, f/p - Orb Guardian
Aim: an Orb Guardian (lightly wounded, constricted by zombie hands, 100% to hit)
You feel a surge of power!
The iron shot hits the Orb Guardian!!!
The Orb Guardian is severely wounded.
The zombie hands constrict the Orb Guardian!
The Orb Guardian escapes!
You regained 2 hp, and now have 175/210 hp.
You now have 17/42 mp.
Casting: Iron Shot (safe; 1% risk of failure)
Confirm with . or Enter, or press ? or * to list all spells.
Aiming: Iron Shot (safe; 1% risk of failure)
Press: ? - help, Shift-Dir - straight line, f/p - Orb Guardian
Aim: an Orb Guardian (almost dead, 73% to hit)
You feel a surge of power!
The iron shot hits the Orb Guardian!!!
You kill the Orb Guardian!
Sif Muna accepts your kill.
You now have 11/42 mp.
Casting: Iron Shot (safe; 1% risk of failure)
Confirm with . or Enter, or press ? or * to list all spells.
You feel a surge of power!
You draw magical energy from your own body!
You take 5 damage, and have 171/210 hp.
You regained 4 mp, and now have 15/42 mp.
Casting: Sublimation of Blood (safe; 1% risk of failure)
Confirm with . or Enter, or press ? or * to list all spells.
You feel a surge of power!
You draw magical energy from your own body!
You take 28 damage, and have 143/210 hp.
You regained 23 mp, and now have 38/42 mp.
You start resting.
Magic restored.
You regained 19 hp, and now have 162/210 hp.
MP restored: 42 You start resting.
HP restored.
Health restored: 210 You start waiting.
An Orb Guardian comes into view.
You see here a wand of flame (7).
An Orb Guardian comes into view.
You see here the Orb of Zot.
You pick up the Orb of Zot!
The Orb lets out a hideous shriek!
The lords of Pandemonium are not amused.
Beware!
Now all you have to do is get back out of the dungeon!
You hear a roar!
You feel yourself speed up.
Really walk into that permanent teleport trap?
You enter a permanent teleport trap!
Your surroundings suddenly seem different.
There is a stone staircase leading up, spattered with blood here.
You climb upwards.
There is a stone staircase leading down here.
(D) Dungeon (T) Temple (L) Lair (A) Shoals (N) Spider Nest (M) Slime Pits (O) Orcish Mines (E) Elven Halls (V) Vaults (C) Crypt (W) Tomb (U) Depths (H) Hell (Z) Zot
Where to? (Enter - Zot:5 @ (x,y), ? - help)
A Kuesmaan and a Tzitzimitl come into view.
Kuesmaan breathes, "Thy brain shall be my curdle!"
The Tzitzimitl roars!
Unknown command.
Unknown command.
As you read the scroll of teleportation, it crumbles to dust.
You feel strangely unstable.
You feel the Orb delaying your translocation!
The Tzitzimitl calls on the powers of darkness!
Your body is wracked with pain!
You take 104 damage, and have 106/210 hp.
MASSIVE DAMAGE!!
Blink to where?
Press: ? - help, Dir - move target
As you read the scroll of blinking, it crumbles to dust.
You see here a +0 sling.
Your surroundings suddenly seem different.
There is a stone staircase leading down here.
Your extra speed is starting to run out.
There is a stone staircase leading up, spattered with blood here.
You regained 14 hp, and now have 133/210 hp.
You climb upwards.
You feel yourself slow down.
There is a stone staircase leading down here.
You regained 2 hp, and now have 135/210 hp.
You feel much better.
You regained 23 hp, and now have 158/210 hp.
(D) Dungeon (T) Temple (L) Lair (A) Shoals (N) Spider Nest (M) Slime Pits (O) Orcish Mines (E) Elven Halls (V) Vaults (C) Crypt (W) Tomb (U) Depths (H) Hell (Z) Zot
Where to? (Enter - Zot:4 @ (x,y), ? - help)
A cacodemon, 2 sixfirhies and an orange demon come into view.
You regained 14 hp, and now have 172/210 hp.
Casting: Sublimation of Blood (safe; 1% risk of failure)
Confirm with . or Enter, or press ? or * to list all spells.
Aiming: Iron Shot (safe; 1% risk of failure)
Press: ? - help, Shift-Dir - straight line, f - orange demon
Aim: an orange demon (wandering, hasn't noticed you, 88% to hit)
You feel a surge of power!
The iron shot hits the orange demon!!!!
You kill the orange demon!
Sif Muna accepts your kill.
You now have 36/42 mp.
Casting: Iron Shot (safe; 1% risk of failure)
Confirm with . or Enter, or press ? or * to list all spells.
Aiming: Iron Shot (safe; 1% risk of failure)
Press: ? - help, Shift-Dir - straight line, f - cacodemon
Aim: a cacodemon (81% to hit)
You feel a surge of power!
The iron shot hits the cacodemon!!!
The cacodemon is heavily wounded.
The sixfirhy hits you but does no damage. x3
You regained 2 hp, and now have 175/210 hp.
You now have 30/42 mp.
Casting: Iron Shot (safe; 1% risk of failure)
Confirm with . or Enter, or press ? or * to list all spells.
Aiming: Iron Shot (safe; 1% risk of failure)
Press: ? - help, Shift-Dir - straight line, f/p - cacodemon
Aim: a cacodemon (heavily wounded, 81% to hit)
You feel a surge of power!
The iron shot hits the sixfirhy!!!
You kill the sixfirhy!
Sif Muna accepts your kill.
The sixfirhy hits you but does no damage.
You block the sixfirhy's attack.
You now have 24/42 mp.
Casting: Iron Shot (safe; 1% risk of failure)
Confirm with . or Enter, or press ? or * to list all spells.
You don't know that spell.
Unknown command.
Casting: Iron Shot (safe; 1% risk of failure)
Confirm with . or Enter, or press ? or * to list all spells.
You feel a surge of power!
You blink.
You now have 23/42 mp.
Casting: Blink (safe; 1% risk of failure)
Confirm with . or Enter, or press ? or * to list all spells.
Aiming: Fire Storm (dangerous; 5% risk of failure)
Press: ? - help, Dir - move target, f - sixfirhy, p - cacodemon
Aim: a sixfirhy You feel a surge of power!
That beam is likely to hit you.
Continue anyway?
A raging storm of fire appears!
The great blast of fire engulfs the sixfirhy!!!!
You kill the sixfirhy!
Sif Muna accepts your kill.
The great blast of fire engulfs the cacodemon!!!!
You kill the cacodemon!
Sif Muna accepts your kill.
A shadow demon comes into view.
You regained 2 hp, and now have 179/210 hp.
You now have 14/42 mp.
(D) Dungeon (T) Temple (L) Lair (A) Shoals (N) Spider Nest (M) Slime Pits (O) Orcish Mines (E) Elven Halls (V) Vaults (C) Crypt (W) Tomb (U) Depths (H) Hell (Z) Zot
Where to? (Enter - Zot:2, ? - help)
What level of the Realm of Zot? (default 1, ? - help)
A shadow demon is nearby!
Casting: Fire Storm (dangerous; 5% risk of failure)
Confirm with . or Enter, or press ? or * to list all spells.
Aiming: Iron Shot (safe; 1% risk of failure)
Press: ? - help, Shift-Dir - straight line, f - shadow demon
Aim: a shadow demon (76% to hit)
You feel a surge of power!
The iron shot hits the shadow demon!!!
You kill the shadow demon!
Sif Muna accepts your kill.
You now have 8/42 mp.
Casting: Iron Shot (safe; 1% risk of failure)
Confirm with . or Enter, or press ? or * to list all spells.
You feel a surge of power!
You draw magical energy from your own body!
You take 10 damage, and have 170/210 hp.
You regained 7 mp, and now have 15/42 mp.
Casting: Sublimation of Blood (safe; 1% risk of failure)
Confirm with . or Enter, or press ? or * to list all spells.
You feel a surge of power!
You draw magical energy from your own body!
You take 32 damage, and have 138/210 hp.
MP restored: 42
(D) Dungeon (T) Temple (L) Lair (A) Shoals (N) Spider Nest (M) Slime Pits (O) Orcish Mines (E) Elven Halls (V) Vaults (C) Crypt (W) Tomb (U) Depths (H) Hell (Z) Zot
Where to? (Enter - Depths:4 @ (x,y), ? - help)
You see here a +0 robe.
A sun demon comes into view.
You regained 43 hp, and now have 181/210 hp.
(D) Dungeon (T) Temple (L) Lair (A) Shoals (N) Spider Nest (M) Slime Pits (O) Orcish Mines (E) Elven Halls (V) Vaults (C) Crypt (W) Tomb (U) Depths (H) Hell (Z) Zot
Where to? (Enter - Zot:2, ? - help)
A sun demon is nearby!
Casting: Sublimation of Blood (safe; 1% risk of failure)
Confirm with . or Enter, or press ? or * to list all spells.
Aiming: Iron Shot (safe; 1% risk of failure)
Press: ? - help, Shift-Dir - straight line, f - sun demon
Aim: a sun demon (76% to hit)
You feel a surge of power!
The iron shot hits the sun demon!!!
You kill the sun demon!
Sif Muna accepts your kill.
You now have 36/42 mp.
(D) Dungeon (T) Temple (L) Lair (A) Shoals (N) Spider Nest (M) Slime Pits (O) Orcish Mines (E) Elven Halls (V) Vaults (C) Crypt (W) Tomb (U) Depths (H) Hell (Z) Zot
Where to? (Enter - Zot:2, ? - help)
There is a stone staircase leading up here.
You climb upwards.
Level annotation: 1 runed translucent door, wilo's ghost, master MfBe
There is a stone staircase leading down here.
You regained 13 hp, and now have 195/210 hp.
You regained 3 mp, and now have 39/42 mp.
(D) Dungeon (T) Temple (L) Lair (A) Shoals (N) Spider Nest (M) Slime Pits (O) Orcish Mines (E) Elven Halls (V) Vaults (C) Crypt (W) Tomb (U) Depths (H) Hell (Z) Zot
Where to? (Enter - Zot:2, ? - help)
There is an open door here.
HP restored.
Magic restored.
There is an open door here.
You see here a +0 flail.
Things that are here:
a +0 cloak; a +0 short sword You see here a +1 short sword of speed.
There is a stone staircase leading up here.
You climb upwards.
There is a stone staircase leading down here.
Health restored: 210; MP restored: 42
(D) Dungeon (T) Temple (L) Lair (A) Shoals (N) Spider Nest (M) Slime Pits (O) Orcish Mines (E) Elven Halls (V) Vaults (C) Crypt (W) Tomb (U) Depths (H) Hell (Z) Zot
Where to? (Enter - Zot:1, ? - help)
There is an open door here.
There is an open door here.
You see here a +0 war axe.
There is an open door, spattered with blood here.
You see here a +0 scimitar of holy wrath.
Items here: ))))).
Things that are here:
a +0 cloak; a +0 dire flail
There is a gate leading back out of this place, spattered with blood here.
You see here a +0 long sword.
You go up through the gate.
Welcome back to the Depths!
There is a gate to the Realm of Zot, spattered with blood here.
(D) Dungeon (T) Temple (L) Lair (A) Shoals (N) Spider Nest (M) Slime Pits (O) Orcish Mines (E) Elven Halls (V) Vaults (C) Crypt (W) Tomb (U) Depths (H) Hell (Z) Zot
Where to? (Enter - Depths:4, ? - help)
Things that are here:
a +0 scale mail; a +3 heavy great mace You see here a +0 trident.
There is an open door here.
There is a stone staircase leading up, spattered with blood here.
You climb upwards.
There is a stone staircase leading down here.
(D) Dungeon (T) Temple (L) Lair (A) Shoals (N) Spider Nest (M) Slime Pits (O) Orcish Mines (E) Elven Halls (V) Vaults (C) Crypt (W) Tomb (U) Depths (H) Hell (Z) Zot
Where to? (Enter - Depths:3, ? - help)
There is a stone staircase leading up, spattered with blood here.
You climb upwards.
There is a stone staircase leading down here.
(D) Dungeon (T) Temple (L) Lair (A) Shoals (N) Spider Nest (M) Slime Pits (O) Orcish Mines (E) Elven Halls (V) Vaults (C) Crypt (W) Tomb (U) Depths (H) Hell (Z) Zot
Where to? (Enter - Depths:2, ? - help)
Things that are here:
a +0 dire flail; a +2 dire flail of protection
Things that are here:
a +0 robe; a +2 broad axe of electrocution
There is a stone staircase leading up here.
You climb upwards.
There is a stone staircase leading down here.
(D) Dungeon (T) Temple (L) Lair (A) Shoals (N) Spider Nest (M) Slime Pits (O) Orcish Mines (E) Elven Halls (V) Vaults (C) Crypt (W) Tomb (U) Depths (H) Hell (Z) Zot
Where to? (Enter - Depths:1, ? - help)
A demonspawn warmonger comes into view.
It is wielding a +4 demon trident of draining and wearing a +0 kite shield of protection.
(D) Dungeon (T) Temple (L) Lair (A) Shoals (N) Spider Nest (M) Slime Pits (O) Orcish Mines (E) Elven Halls (V) Vaults (C) Crypt (W) Tomb (U) Depths (H) Hell (Z) Zot
Where to? (Enter - D:15, ? - help)
A demonspawn warmonger is nearby!
Casting: Iron Shot (safe; 1% risk of failure)
Confirm with . or Enter, or press ? or * to list all spells.
You can't see any susceptible monsters within range! (Use Z to cast anyway.)
Casting: Iron Shot (safe; 1% risk of failure)
Confirm with . or Enter, or press ? or * to list all spells.
Aiming: Poisonous Vapours (safe; 1% risk of failure)
Press: ? - help, Dir - move target, f - demonspawn warmonger
Aim: a demonspawn warmonger, wielding a +4 demon trident of draining, wearing a +0 chain mail and wearing a +0 kite shield of protection
Okay, then.
Unknown command.
Casting: Poisonous Vapours (safe; 1% risk of failure)
Confirm with . or Enter, or press ? or * to list all spells.
Aiming: Poisonous Vapours (safe; 1% risk of failure)
Press: ? - help, Dir - move target, f - demonspawn warmonger
Aim: a demonspawn warmonger, wielding a +4 demon trident of draining, wearing a +0 chain mail and wearing a +0 kite shield of protection
Okay, then.
Casting: Poisonous Vapours (safe; 1% risk of failure)
Confirm with . or Enter, or press ? or * to list all spells.
Okay, then.
Unknown command.
Casting: Poisonous Vapours (safe; 1% risk of failure)
Confirm with . or Enter, or press ? or * to list all spells.
Aiming: Fire Storm (dangerous; 5% risk of failure)
Press: ? - help, Dir - move target, f - demonspawn warmonger
Aim: a demonspawn warmonger, wielding a +4 demon trident of draining, wearing a +0 chain mail and wearing a +0 kite shield of protection You feel a surge of power!
A raging storm of fire appears!
The great blast of fire engulfs the demonspawn warmonger!!!
The demonspawn warmonger is moderately wounded.
Sif Muna accepts your kill.
You feel a bit more experienced.
You now have 33/42 mp.
Casting: Fire Storm (dangerous; 5% risk of failure)
Confirm with . or Enter, or press ? or * to list all spells.
Aiming: Fire Storm (dangerous; 5% risk of failure)
Press: ? - help, Dir - move target, f/p - demonspawn warmonger
Aim: a demonspawn warmonger, wielding a +4 demon trident of draining, wearing a +0 chain mail and wearing a +0 kite shield of protection (flame, moderately wounded)
You feel a surge of power!
A raging storm of fire appears!
The great blast of fire engulfs the demonspawn warmonger!!!
The demonspawn warmonger is severely wounded.
The demonspawn warmonger is engulfed in blazing flames.
The demonspawn warmonger hits your fire vortex with a +4 demon trident of draining!!
The demonspawn warmonger claws your fire vortex.
The demonspawn warmonger gores your fire vortex.
You now have 24/42 mp.
Casting: Fire Storm (dangerous; 5% risk of failure)
Confirm with . or Enter, or press ? or * to list all spells.
Aiming: Fire Storm (dangerous; 5% risk of failure)
Press: ? - help, Dir - move target, f/p - demonspawn warmonger
Aim: a demonspawn warmonger, wielding a +4 demon trident of draining, wearing a +0 chain mail and wearing a +0 kite shield of protection (flame, almost dead, ally target)
You feel a surge of power!
A raging storm of fire appears!
The great blast of fire engulfs the demonspawn warmonger!!!
You kill the demonspawn warmonger!
Sif Muna accepts your kill.
You now have 15/42 mp.
Casting: Fire Storm (dangerous; 5% risk of failure)
Confirm with . or Enter, or press ? or * to list all spells.
You feel a surge of power!
You draw magical energy from your own body!
You take 1 damage, and have 209/210 hp.
You now have 15/42 mp.
(D) Dungeon (T) Temple (L) Lair (A) Shoals (N) Spider Nest (M) Slime Pits (O) Orcish Mines (E) Elven Halls (V) Vaults (C) Crypt (W) Tomb (U) Depths (H) Hell (Z) Zot
Where to? (Enter - D:15, ? - help) HP restored.
Things that are here:
7 stones; a +0 ring mail; a +1 great sword of draining
There is a broken door here.
Things that are here:
+0 fire dragon scales; 3 large rocks
Things that are here:
+0 ice dragon scales; a +0 battleaxe of freezing You see here a +0 great sword of flaming.
There is a staircase back to the Dungeon, spattered with blood here.
You climb upwards.
Welcome back to the Dungeon!
There is a staircase to the Depths here.
Health restored: 210 You regained 6 mp, and now have 21/42 mp.
(D) Dungeon (T) Temple (L) Lair (A) Shoals (N) Spider Nest (M) Slime Pits (O) Orcish Mines (E) Elven Halls (V) Vaults (C) Crypt (W) Tomb (U) Depths (H) Hell (Z) Zot
Where to? (Enter - D:15, ? - help)
There is an open door here.
There is an open door here.
There is a stone staircase leading up, spattered with blood here.
You climb upwards.
There is a stone staircase leading down here.
You regained 8 mp, and now have 29/42 mp.
(D) Dungeon (T) Temple (L) Lair (A) Shoals (N) Spider Nest (M) Slime Pits (O) Orcish Mines (E) Elven Halls (V) Vaults (C) Crypt (W) Tomb (U) Depths (H) Hell (Z) Zot
Where to? (Enter - D:14, ? - help)
A neqoxec comes into view.
Casting: Sublimation of Blood (safe; 1% risk of failure)
Confirm with . or Enter, or press ? or * to list all spells.
Aiming: Fire Storm (dangerous; 5% risk of failure)
Press: ? - help, Dir - move target You feel a surge of power!
A raging storm of fire appears!
The great blast of fire engulfs the neqoxec!!!
You kill the neqoxec!
Sif Muna accepts your kill.
You now have 21/42 mp.
(D) Dungeon (T) Temple (L) Lair (A) Shoals (N) Spider Nest (M) Slime Pits (O) Orcish Mines (E) Elven Halls (V) Vaults (C) Crypt (W) Tomb (U) Depths (H) Hell (Z) Zot
Where to? (Enter - D:13, ? - help)
A lich comes into view.
The lich shouts!
Tyzecw comes into view. It is armed with a freezing touch.
You feel yourself speed up.
There is a stone staircase leading up here.
You climb upwards.
There is a stone staircase leading down here.
(D) Dungeon (T) Temple (L) Lair (A) Shoals (N) Spider Nest (M) Slime Pits (O) Orcish Mines (E) Elven Halls (V) Vaults (C) Crypt (W) Tomb (U) Depths (H) Hell (Z) Zot
Where to? (Enter - D:13, ? - help)
Things that are here:
5 stones; a +0 mace You see here a +0 mace.
Items here: ))) [.
You see here a +0 robe.
You see here 2 large rocks.
Things that are here:
a +0 ring mail; a +0 morningstar
There is a stone staircase leading up here.
You climb upwards.
Your extra speed is starting to run out.
There is a stone staircase leading down here.
You regained 7 mp, and now have 33/42 mp.
(D) Dungeon (T) Temple (L) Lair (A) Shoals (N) Spider Nest (M) Slime Pits (O) Orcish Mines (E) Elven Halls (V) Vaults (C) Crypt (W) Tomb (U) Depths (H) Hell (Z) Zot
Where to? (Enter - D:12, ? - help)
You feel yourself slow down.
There is a stone staircase leading up here.
You climb upwards.
There is a stone staircase leading down here.
You regained 3 mp, and now have 36/42 mp.
(D) Dungeon (T) Temple (L) Lair (A) Shoals (N) Spider Nest (M) Slime Pits (O) Orcish Mines (E) Elven Halls (V) Vaults (C) Crypt (W) Tomb (U) Depths (H) Hell (Z) Zot
Where to? (Enter - D:11, ? - help) Magic restored.
There is a stone staircase leading up here.
You climb upwards.
There is a stone staircase leading down here.
MP restored: 42
(D) Dungeon (T) Temple (L) Lair (A) Shoals (N) Spider Nest (M) Slime Pits (O) Orcish Mines (E) Elven Halls (V) Vaults (C) Crypt (W) Tomb (U) Depths (H) Hell (Z) Zot
Where to? (Enter - D:10, ? - help)
A sixfirhy comes into view.
The sixfirhy moves out of view.
The sixfirhy enters a dispersal trap!
You blink.
The sixfirhy blinks!
You block the sixfirhy's attack. The sixfirhy misses you.
The sixfirhy hits you but does no damage.
You block the sixfirhy's attack. The sixfirhy completely misses you.
There is a stone staircase leading up here.
You climb upwards.
There is a stone staircase leading down here.
Casting: Fire Storm (dangerous; 5% risk of failure)
Confirm with . or Enter, or press ? or * to list all spells.
Aiming: Fire Storm (dangerous; 5% risk of failure)
Press: ? - help, Dir - move target You feel a surge of power!
That beam is likely to hit you.
Continue anyway?
A raging storm of fire appears!
You now have 33/42 mp.
Casting: Fire Storm (dangerous; 5% risk of failure)
Confirm with . or Enter, or press ? or * to list all spells.
Aiming: Iron Shot (safe; 1% risk of failure)
Press: ? - help, Shift-Dir - straight line
Okay, then.
Casting: Iron Shot (safe; 1% risk of failure)
Confirm with . or Enter, or press ? or * to list all spells.
Aiming: Fire Storm (dangerous; 5% risk of failure)
Press: ? - help, Dir - move target, f - fire vortex
Aim: a fire vortex (flame, friendly)
You feel a surge of power! That beam is likely to hit you.
Continue anyway? [Y]es or [N]o only, please.
That beam is likely to hit you.
Continue anyway? [Y]es or [N]o only, please.
That beam is likely to hit you.
Continue anyway?
Okay, then.
Unknown command.
Unknown command.
Casting: Fire Storm (dangerous; 5% risk of failure)
Confirm with . or Enter, or press ? or * to list all spells.
Aiming: Iron Shot (safe; 1% risk of failure)
Press: ? - help, Shift-Dir - straight line, f - sixfirhy, p - fire vortex
Aim: a sixfirhy (56% to hit)
You feel a surge of power!
The iron shot hits the sixfirhy!!!
You kill the sixfirhy!
Sif Muna accepts your kill.
You now have 27/42 mp.
Casting: Iron Shot (safe; 1% risk of failure)
Confirm with . or Enter, or press ? or * to list all spells.
You can't see any susceptible monsters within range! (Use Z to cast anyway.) Unknown command.
(D) Dungeon (T) Temple (L) Lair (A) Shoals (N) Spider Nest (M) Slime Pits (O) Orcish Mines (E) Elven Halls (V) Vaults (C) Crypt (W) Tomb (U) Depths (H) Hell (Z) Zot
Where to? (Enter - D:9, ? - help)
An Orb Guardian comes into view.
You regained 8 mp, and now have 35/42 mp.
Casting: Iron Shot (safe; 1% risk of failure)
Confirm with . or Enter, or press ? or * to list all spells.
Aiming: Iron Shot (safe; 1% risk of failure)
Press: ? - help, Shift-Dir - straight line, f - Orb Guardian
Aim: an Orb Guardian (73% to hit)
You feel a surge of power!
The iron shot hits the Orb Guardian!!!
The Orb Guardian is severely wounded.
You now have 30/42 mp.
Casting: Iron Shot (safe; 1% risk of failure)
Confirm with . or Enter, or press ? or * to list all spells.
Aiming: Iron Shot (safe; 1% risk of failure)
Press: ? - help, Shift-Dir - straight line, f/p - Orb Guardian
Aim: an Orb Guardian (severely wounded, 73% to hit)
You feel a surge of power!
The iron shot hits the Orb Guardian!!!
You kill the Orb Guardian!
Sif Muna accepts your kill.
You now have 24/42 mp.
Casting: Iron Shot (safe; 1% risk of failure)
Confirm with . or Enter, or press ? or * to list all spells.
You can't see any susceptible monsters within range! (Use Z to cast anyway.) Unknown command.
(D) Dungeon (T) Temple (L) Lair (A) Shoals (N) Spider Nest (M) Slime Pits (O) Orcish Mines (E) Elven Halls (V) Vaults (C) Crypt (W) Tomb (U) Depths (H) Hell (Z) Zot
Where to? (Enter - D:8, ? - help)
A sun demon comes into view.
You regained 2 mp, and now have 26/42 mp.
The sun demon moves out of view.
There is a stone staircase leading up here.
You climb upwards.
There is a stone staircase leading down here.
(D) Dungeon (T) Temple (L) Lair (A) Shoals (N) Spider Nest (M) Slime Pits (O) Orcish Mines (E) Elven Halls (V) Vaults (C) Crypt (W) Tomb (U) Depths (H) Hell (Z) Zot
Where to? (Enter - D:8, ? - help)
There is a stone staircase leading up here.
You climb upwards.
There is a stone staircase leading down here.
You regained 5 mp, and now have 32/42 mp.
(D) Dungeon (T) Temple (L) Lair (A) Shoals (N) Spider Nest (M) Slime Pits (O) Orcish Mines (E) Elven Halls (V) Vaults (C) Crypt (W) Tomb (U) Depths (H) Hell (Z) Zot
Where to? (Enter - D:7, ? - help)
An Orb Guardian comes into view.
You regained 4 mp, and now have 36/42 mp.
(D) Dungeon (T) Temple (L) Lair (A) Shoals (N) Spider Nest (M) Slime Pits (O) Orcish Mines (E) Elven Halls (V) Vaults (C) Crypt (W) Tomb (U) Depths (H) Hell (Z) Zot
Where to? (Enter - D:6, ? - help)
An Orb Guardian is nearby!
Casting: Iron Shot (safe; 1% risk of failure)
Confirm with . or Enter, or press ? or * to list all spells.
Aiming: Fire Storm (dangerous; 5% risk of failure)
Press: ? - help, Dir - move target You feel a surge of power!
A raging storm of fire appears!
The great blast of fire engulfs the Orb Guardian!!!!
The Orb Guardian is almost dead.
You now have 27/42 mp.
(D) Dungeon (T) Temple (L) Lair (A) Shoals (N) Spider Nest (M) Slime Pits (O) Orcish Mines (E) Elven Halls (V) Vaults (C) Crypt (W) Tomb (U) Depths (H) Hell (Z) Zot
Where to? (Enter - D:6, ? - help)
An Orb Guardian is nearby!
(D) Dungeon (T) Temple (L) Lair (A) Shoals (N) Spider Nest (M) Slime Pits (O) Orcish Mines (E) Elven Halls (V) Vaults (C) Crypt (W) Tomb (U) Depths (H) Hell (Z) Zot
Where to? (Enter - D:6, ? - help)
An Orb Guardian is nearby!
The Orb Guardian is engulfed in blazing flames.
The Orb Guardian barely misses your fire vortex.
Your fire vortex hits the Orb Guardian.
Your fire vortex burns the Orb Guardian!
The Orb Guardian dies!
Sif Muna accepts your kill.
Your fire vortex dissipates!
(D) Dungeon (T) Temple (L) Lair (A) Shoals (N) Spider Nest (M) Slime Pits (O) Orcish Mines (E) Elven Halls (V) Vaults (C) Crypt (W) Tomb (U) Depths (H) Hell (Z) Zot
Where to? (Enter - D:6, ? - help)
There is a stone staircase leading up here.
You climb upwards.
There is a stone staircase leading down here.
You regained 5 mp, and now have 33/42 mp.
(D) Dungeon (T) Temple (L) Lair (A) Shoals (N) Spider Nest (M) Slime Pits (O) Orcish Mines (E) Elven Halls (V) Vaults (C) Crypt (W) Tomb (U) Depths (H) Hell (Z) Zot
Where to? (Enter - D:6, ? - help)
A hell beast comes into view.
(D) Dungeon (T) Temple (L) Lair (A) Shoals (N) Spider Nest (M) Slime Pits (O) Orcish Mines (E) Elven Halls (V) Vaults (C) Crypt (W) Tomb (U) Depths (H) Hell (Z) Zot
Where to? (Enter - D:5, ? - help)
A hell beast is nearby!
Casting: Fire Storm (dangerous; 5% risk of failure)
Confirm with . or Enter, or press ? or * to list all spells.
Aiming: Iron Shot (safe; 1% risk of failure)
Press: ? - help, Shift-Dir - straight line, f - hell beast
Aim: a hell beast (71% to hit)
You feel a surge of power!
The iron shot hits the hell beast!!!
The hell beast is severely wounded.
You now have 29/42 mp.
You block the hell beast's attack. x2
There is a stone staircase leading up here.
Casting: Iron Shot (safe; 1% risk of failure)
Confirm with . or Enter, or press ? or * to list all spells.
Aiming: Iron Shot (safe; 1% risk of failure)
Press: ? - help, Shift-Dir - straight line, f/p - hell beast
Aim: a hell beast (severely wounded, 71% to hit)
You feel a surge of power!
The iron shot hits the hell beast!!!
You kill the hell beast!
Sif Muna accepts your kill.
You now have 23/42 mp.
(D) Dungeon (T) Temple (L) Lair (A) Shoals (N) Spider Nest (M) Slime Pits (O) Orcish Mines (E) Elven Halls (V) Vaults (C) Crypt (W) Tomb (U) Depths (H) Hell (Z) Zot
Where to? (Enter - D:5, ? - help)
You climb upwards.
There is a stone staircase leading down here.
(D) Dungeon (T) Temple (L) Lair (A) Shoals (N) Spider Nest (M) Slime Pits (O) Orcish Mines (E) Elven Halls (V) Vaults (C) Crypt (W) Tomb (U) Depths (H) Hell (Z) Zot
Where to? (Enter - D:5, ? - help)
You see here the +6 chain mail "Umie" {rPois Slay+3}.
There is a stone staircase leading up here.
You climb upwards.
There is a stone staircase leading down here.
You regained 8 mp, and now have 32/42 mp.
(D) Dungeon (T) Temple (L) Lair (A) Shoals (N) Spider Nest (M) Slime Pits (O) Orcish Mines (E) Elven Halls (V) Vaults (C) Crypt (W) Tomb (U) Depths (H) Hell (Z) Zot
Where to? (Enter - D:4, ? - help)
You see here a +0 robe of cold resistance.
A sun demon comes into view.
You regained 2 mp, and now have 34/42 mp.
(D) Dungeon (T) Temple (L) Lair (A) Shoals (N) Spider Nest (M) Slime Pits (O) Orcish Mines (E) Elven Halls (V) Vaults (C) Crypt (W) Tomb (U) Depths (H) Hell (Z) Zot
Where to? (Enter - D:3, ? - help)
What level of the Realm of Zot? (default 1, ? - help)
A sun demon is nearby!
Casting: Iron Shot (safe; 1% risk of failure)
Confirm with . or Enter, or press ? or * to list all spells.
Aiming: Iron Shot (safe; 1% risk of failure)
Press: ? - help, Shift-Dir - straight line, f - sun demon
Aim: a sun demon (76% to hit)
You feel a surge of power!
The iron shot hits the sun demon!!!
The sun demon is almost dead.
You now have 29/42 mp.
Casting: Iron Shot (safe; 1% risk of failure)
Confirm with . or Enter, or press ? or * to list all spells.
Aiming: Iron Shot (safe; 1% risk of failure)
Press: ? - help, Shift-Dir - straight line, f/p - sun demon
Aim: a sun demon (almost dead, 76% to hit)
You feel a surge of power!
The iron shot hits the sun demon!!!
You kill the sun demon!
Sif Muna accepts your kill.
You now have 23/42 mp.
(D) Dungeon (T) Temple (L) Lair (A) Shoals (N) Spider Nest (M) Slime Pits (O) Orcish Mines (E) Elven Halls (V) Vaults (C) Crypt (W) Tomb (U) Depths (H) Hell (Z) Zot
Where to? (Enter - Depths:4 @ (x,y), ? - help)
There is a stone staircase leading up here.
You climb upwards.
There is a stone staircase leading down here.
You regained 2 mp, and now have 25/42 mp.
(D) Dungeon (T) Temple (L) Lair (A) Shoals (N) Spider Nest (M) Slime Pits (O) Orcish Mines (E) Elven Halls (V) Vaults (C) Crypt (W) Tomb (U) Depths (H) Hell (Z) Zot
Where to? (Enter - D:3, ? - help)
A Tzitzimitl comes into view.
You regained 2 mp, and now have 27/42 mp.
Casting: Iron Shot (safe; 1% risk of failure)
Confirm with . or Enter, or press ? or * to list all spells.
Aiming: Iron Shot (safe; 1% risk of failure)
Press: ? - help, Shift-Dir - straight line, f - Tzitzimitl
Aim: a Tzitzimitl (66% to hit)
You feel a surge of power!
The iron shot hits the Tzitzimitl!!!
The Tzitzimitl is heavily wounded.
You now have 21/42 mp.
Casting: Iron Shot (safe; 1% risk of failure)
Confirm with . or Enter, or press ? or * to list all spells.
Aiming: Iron Shot (safe; 1% risk of failure)
Press: ? - help, Shift-Dir - straight line, f/p - Tzitzimitl
Aim: a Tzitzimitl (heavily wounded, 66% to hit)
You feel a surge of power!
The iron shot hits the Tzitzimitl!!!
The Tzitzimitl is almost dead.
The Tzitzimitl calls on the powers of darkness!
Your body is wracked with pain!
You take 93 damage, and have 117/210 hp.
MASSIVE DAMAGE!!
You now have 15/42 mp.
Casting: Iron Shot (safe; 1% risk of failure)
Confirm with . or Enter, or press ? or * to list all spells.
Aiming: Iron Shot (safe; 1% risk of failure)
Press: ? - help, Shift-Dir - straight line, f/p - Tzitzimitl
Aim: a Tzitzimitl (almost dead, 66% to hit)
You feel a surge of power!
The iron shot hits the Tzitzimitl!!!
You kill the Tzitzimitl!
Sif Muna accepts your kill.
You have reached level 27, the final one!
Your experience leads to an increase in your attributes!
Your base attributes are Str 11, Int 27, Dex 12.
Increase (S)trength, (I)ntelligence, or (D)exterity?
You feel clever. x2; Your scales feel tougher.
You regained 4 hp, and now have 121/216 hp.
You now have 10/42 mp.
There is a stone staircase leading up here.
You regained 14 hp, and now have 135/216 hp.
You regained 2 mp, and now have 12/42 mp.
Okay, then.
You climb upwards.
There is a stone staircase leading down here.
You regained 3 hp, and now have 138/216 hp.
(D) Dungeon (T) Temple (L) Lair (A) Shoals (N) Spider Nest (M) Slime Pits (O) Orcish Mines (E) Elven Halls (V) Vaults (C) Crypt (W) Tomb (U) Depths (H) Hell (Z) Zot
Where to? (Enter - D:3 @ (x,y), ? - help)
A rust devil comes into view.
You regained 20 hp, and now have 158/216 hp.
You regained 4 mp, and now have 17/42 mp.
The rust devil moves out of view.
You regained 2 hp, and now have 162/216 hp.
Casting: Iron Shot (safe; 1% risk of failure)
Confirm with . or Enter, or press ? or * to list all spells.
You can't see any susceptible monsters within range! (Use Z to cast anyway.) Unknown command.
You regained 2 hp, and now have 166/216 hp.
Casting: Iron Shot (safe; 1% risk of failure)
Confirm with . or Enter, or press ? or * to list all spells.
You can't see any susceptible monsters within range! (Use Z to cast anyway.) Unknown command.
Casting: Iron Shot (safe; 1% risk of failure)
Confirm with . or Enter, or press ? or * to list all spells.
Aiming: Iron Shot (safe; 1% risk of failure)
Press: ? - help, Shift-Dir - straight line, f - rust devil
Aim: a rust devil (87% to hit)
You feel a surge of power!
The iron shot hits the rust devil!!!!
You kill the rust devil!
Sif Muna accepts your kill.
You now have 13/42 mp.
Casting: Iron Shot (safe; 1% risk of failure)
Confirm with . or Enter, or press ? or * to list all spells.
You can't see any susceptible monsters within range! (Use Z to cast anyway.) Unknown command.
(D) Dungeon (T) Temple (L) Lair (A) Shoals (N) Spider Nest (M) Slime Pits (O) Orcish Mines (E) Elven Halls (V) Vaults (C) Crypt (W) Tomb (U) Depths (H) Hell (Z) Zot
Where to? (Enter - D:1, ? - help)
There is a stone staircase leading up here.
You climb upwards.
There is a stone staircase leading down here.
You regained 27 hp, and now have 195/216 hp.
You regained 6 mp, and now have 19/42 mp.
(D) Dungeon (T) Temple (L) Lair (A) Shoals (N) Spider Nest (M) Slime Pits (O) Orcish Mines (E) Elven Halls (V) Vaults (C) Crypt (W) Tomb (U) Depths (H) Hell (Z) Zot
Where to? (Enter - D:1, ? - help)
Okay, then.
Unknown command.
You regained 2 hp, and now have 198/216 hp.
You see here a +0 sling.
You regained 11 hp, and now have 209/216 hp.
You regained 2 mp, and now have 21/42 mp.
HP restored.
Health restored: 216 You regained 3 mp, and now have 24/42 mp.
There is a large open door here.
There is a staircase leading out of the dungeon here.
You regained 7 mp, and now have 31/42 mp.
You have escaped!

...##..[.##.....# #.# #.#
...########.....# #.# #.#
...##### #.....# #.# #.#
...#...########### #.# #.#
...#...#8≈≈≈≈≈≈≈8# #.# #.#
##...#.#.........#####.######.#
#.#.#.#.........##...........#
##...#.'....8....##.##.########
####.#.'....8...@##.##.#
####.#.#.....§.§.##.##.#
...#.#.#...§.§.§§##.##.#
...#...#8≈≈§§§§§8##.##.#
.......############.##.#
..#.......# #.##.# ..#######.#
#.##.# ..#######.## #.##.#
.......##..# #.##.#


There were no monsters in sight!

Vanquished Creatures
  4 dread liches
  Tiamat (Zot:1)
  9 orbs of fire (Zot:5)
  Mennas (Crypt:1)
  An ancient lich (Zot:5)
  Mara (Spider:4)
  3 juggernauts
  Parghit (Depths:4)
  2 Killer Klowns
  Boris (twice) (Crypt:1 Depths:2)
  Margery (Vaults:3)
  Frederick (Vaults:5)
  4 caustic shrikes (Depths:4)
  Saint Roka (Vaults:3)
  6 golden dragons
  A curse toe (Zot:1)
  Nikola (Shoals:1)
  5 bone dragons
  The ghost of Pikuto the Slayer, an adept MiBe of Trog (Depths:2)
  Arachne (Spider:3)
  2 doom hounds (Depths:3)
  A Tzitzimitl (D:3)
  3 electric golems
  An Ice Fiend (Depths:3)
  16 tentacled monstrosities
  Rupert (D:15)
  2 walking earthen tomes (Depths:3)
  Grunn (Depths:3)
  A walking divine tome (Depths:3)
  23 Orb Guardians
  4 titans
  4 quicksilver dragons
  5 liches
  A shard shrike skeleton (Crypt:3)
  4 deep elf master archers (Elf:3)
  Frances (D:12)
  2 deep elf blademasters (Elf:3)
  A kraken (Shoals:3)
  9 death cobs
  8 ancient champions
  Agnes (D:15)
  8 tengu reavers
  10 sphinxes
  4 revenants
  5 shadow dragons
  A demonspawn warmonger (Depths:1)
  2 draconian knights (Zot:2)
  13 storm dragons
  Ilsuiw (Shoals:2)
  8 draconian monks
  13 fire giants
  16 frost giants
  8 draconian scorchers
  7 deep elf sorcerers
  A fenstrider witch (Shoals:3)
  4 ghost moths
  2 caustic shrike zombies
  21 vault wardens
  Aizul (Spider:3)
  2 emperor scorpions
  3 draconian stormcallers (Zot:4)
  3 curse skulls
  7 deep elf elementalists
  5 iron dragons
  7 draconian shifters
  A broodmother (Spider:2)
  3 orc warlords
  25 stone giants
  3 draconian annihilators
  A spriggan defender (Depths:1)
  29 ironbound preservers
  A cacodemon (Zot:3)
  9 ghouls
  2 caustic shrike skeletons (Crypt:3)
  2 reapers
  8 war gargoyles
  7 ironbound thunderhulks
  17 very ugly things
  11 green draconians
  The ghost of aor the Carver, a journeyman DjBe of Trog (D:12)
  Nessos (D:12)
  11 black draconians
  7 deep elf demonologists
  12 yellow draconians
  The ghost of Endbringerleviathan the Thaumaturge, a journeyman NaFE of Gozag (Orc:2)
  7 vampire knights
  10 purple draconians
  8 spark wasps
  3 dire elephants (Vaults:1)
  13 red draconians
  4 deep elf annihilators
  11 white draconians
  Snorg (D:10)
  6 eidola
  4 crystal guardians
  A blizzard demon (Depths:3)
  Josephine (Orc:1)
  14 ettins
  6 merfolk javelineers
  2 quicksilver dragon zombies
  7 deep elf death magi
  4 entropy weavers
  9 fire dragons
  9 merfolk impalers
  3 jiangshi
  18 yaktaur captains
  2 deep elf high priests (Elf:3)
  A fenstrider witch zombie (Crypt:2)
  6 rakshasas
  The ghost of Hoafok the Carver, a journeyman MiFi of Okawaru (D:10)
  A quicksilver dragon skeleton (Crypt:3)
  3 catoblepae (Lair:5)
  5 hell beasts
  3 ogre magi
  8 ironbound frosthearts
  An alligator snapping turtle (Shoals:3)
  16 ice dragons
  4 hydras
  A jorogumo (Spider:3)
  A hydra (shapeshifter) (Depths:2)
  34 vault guards
  A spriggan skeleton (Crypt:3)
  4 death knights
  6 peacekeepers
  5 radroaches
  17 boulder beetles
  3 merfolk avatars
  2 spriggan air magi
  An anaconda (shapeshifter) (Depths:4)
  11 two-headed ogres
  A two-headed ogre (shapeshifter) (D:15)
  A bennu zombie (Crypt:1)
  7 centaur warriors
  6 dancing weapons
  3 merfolk aquamancers
  2 satyrs
  8 deep troll earth magi
  6 deep troll shamans
  A bennu skeleton (Crypt:1)
  7 death yaks
  4 orc high priests (Orc:2)
  2 spriggan berserkers
  8 tengu warriors
  Urug (D:12)
  7 vampire magi
  2 titan zombies
  A storm dragon zombie (Crypt:1)
  5 hell knights
  11 deep elf knights
  2 soul eaters
  5 spriggans
  2 sun demons
  2 skysharks
  A storm dragon skeleton (Crypt:1)
  47 skeletal warriors
  4 sixfirhies
  A titan skeleton (Vaults:5)
  10 pharaoh ants
  9 sea snakes
  2 sun moths
  A shadow demon (Zot:3)
  6 iron trolls
  2 glowing orange brains (Depths:1)
  An orb spider (shapeshifter) (Vaults:5)
  2 shadow wraiths
  7 wizards
  78 deep trolls
  A bunyip zombie (Crypt:3)
  8 flayed ghosts
  A bog body (Crypt:2)
  10 lindwurms
  5 orb spiders
  An anaconda skeleton (Crypt:3)
  2 bunyip skeletons
  9 harpies
  9 phantasmal warriors
  A lindwurm (shapeshifter) (Elf:2)
  17 orc knights
  21 ironbound convokers
  A shadow dragon skeleton (Crypt:3)
  9 necromancers
  9 steelbarb worms
  40 ugly things
  9 deep elf archers
  23 deep elf pyromancers
  21 deep elf zephyrmancers
  6 oklob plants
  22 wolf spiders
  9 orc sorcerers
  5 cyclopes
  A wolf spider (shapeshifter) (Depths:1)
  16 fauns
  15 manticores
  3 stone giant skeletons
  An iron dragon skeleton (Crypt:2)
  31 moths of wrath
  8 elephants
  17 vault sentinels
  4 black mambas
  3 water nymphs
  2 centaur zombies
  6 torpor snails
  19 merfolk sirens
  Joseph (D:9)
  4 rust devils
  A naga mage (D:15)
  13 demonic crawlers
  3 dire elephant skeletons (Crypt:3)
  An orange demon (Zot:3)
  2 smoke demons
  3 gargoyles
  An unseen horror (Depths:3)
  14 cane toads
  2 naga skeletons (Crypt:3)
  A rime drake (Lair:4)
  2 tengu conjurers
  10 freezing wraiths
  3 kobold demonologists (D:13)
  49 yaktaurs
  3 efreet
  2 ice devils
  A red devil (Depths:2)
  10 komodo dragons
  A guardian mummy (Crypt:3)
  A catoblepas skeleton (Crypt:3)
  10 trolls
  A queen bee (Lair:4)
  4 meliai
  Prince Ribbit (D:6)
  A hellwing (Depths:2)
  25 merfolk
  5 saltlings (Orc:2)
  24 tarantellas
  8 wind drakes
  A tarantella (shapeshifter) (Elf:1)
  28 blink frogs
  6 dream sheep (Lair:5)
  5 harpy skeletons
  A wind drake (shapeshifter) (Depths:1)
  8 hornets
  A hydra skeleton (Crypt:3)
  15 snapping turtles
  A guardian serpent zombie (Crypt:1)
  An ice dragon zombie (Crypt:2)
  A snapping turtle (shapeshifter) (D:14)
  28 slime creatures
  A jumping spider (shapeshifter) (Depths:2)
  21 jumping spiders
  9 flying skulls (Crypt:3)
  10 culicivoras
  A vampire (D:11)
  2 centaur simulacra (Crypt:3)
  A slime creature (shapeshifter) (Vaults:5)
  A dire elephant simulacrum (Crypt:1)
  An air elemental (Elf:2)
  15 water elementals
  72 yaks
  A shadow (D:11)
  3 ettin skeletons
  3 wyverns
  A fire elemental (Elf:2)
  13 wraiths
  A basilisk (shapeshifter) (Vaults:5)
  A redback simulacrum (D:14)
  7 chaos spawn
  9 vampire mosquitoes
  3 neqoxecs
  6 basilisks
  51 redbacks
  A two-headed ogre zombie (Crypt:2)
  4 wargs
  An acid dragon (D:14)
  A fire bat zombie (Crypt:1)
  Duvessa (D:5)
  6 water moccasins
  3 large abominations (Depths:3)
  A two-headed ogre skeleton (Crypt:1)
  A floating eye (shapeshifter) (Vaults:5)
  24 orc warriors
  A floating eye (D:12)
  A skyshark zombie (Crypt:1)
  An ice beast (D:5)
  9 black bears
  A sky beast (D:7)
  8 centaurs
  5 boggarts (D:15)
  7 wolves
  16 ogres
  2 kobold brigands
  8 bullfrogs
  A scorpion (D:7)
  A human simulacrum (Vaults:5)
  2 necrophages
  4 earth elementals
  23 wights
  8 small abominations (Depths:3)
  A yak zombie (Crypt:2)
  A raiju zombie (Crypt:2)
  Dowan (D:5)
  29 killer bees
  A polar bear skeleton (Crypt:3)
  7 howler monkeys
  3 hounds (D:5)
  A wolf skeleton (Crypt:3)
  7 orc priests
  An iron imp (D:6)
  Crazy Yiuf (D:2)
  3 iguanas
  Terence (D:2)
  12 orc wizards
  A boggart skeleton (D:15)
  A hound zombie (Crypt:1)
  A boggart simulacrum (D:15)
  12 mummies (Crypt:3)
  4 gnolls
  A steam dragon zombie (Crypt:2)
  12 adders
  A shadow imp (D:7)
  3 white imps (D:6)
  An ufetubus (D:5)
  A worm zombie (Crypt:2)
  An iguana zombie (Crypt:3)
  A worm (D:3)
  2 dart slugs
  53 orcs
  11 ball pythons
  3 bats
  A bat skeleton (Crypt:3)
  9 endoplasms
  4 giant cockroaches
  6 goblins
  6 hobgoblins
  6 jackals
  15 kobolds
  3 quokkas
  A ball python skeleton (Crypt:1)
  2 frilled lizards
  A frilled lizard zombie (Crypt:2)
  8 rats
  2 bushes (D:12)
  2 butterflies (D:7)
  9 pillars of salt (Orc:2)
  3 tentacles (Shoals:3)
2283 creatures vanquished.

Vanquished Creatures (collateral kills)
  An Orb Guardian (D:7)
  A redback (Spider:2)
2 creatures vanquished.

Vanquished Creatures (others)
  A titan (Vaults:5)
  A war gargoyle (Vaults:5)
  A deep elf death mage (Crypt:2)
  An orange crystal statue (Crypt:2)
  8 fire vortices
  30 fungi
  10 pillars of salt (Orc:2)
  212 plants
  5 tentacles (Shoals:3)
269 creatures vanquished.

Grand Total: 2554 creatures vanquished

Notes
Turn   | Place    | Note
-------+----------+-------------------------------------------
     0 | D:1      | steven32 the Draconian Conjurer began the quest for the
                  | Orb.
     0 | D:1      | Reached XP level 1. HP: 14/14 MP: 3/3
   194 | D:1      | Found a faded altar of an unknown god.
   266 | D:1      | Reached XP level 2. HP: 20/20 MP: 3/5
  1191 | D:2      | Reached XP level 3. HP: 26/26 MP: 0/6
  1363 | D:2      | Noticed Terence
  1827 | D:1      | Learned a level 2 spell: Searing Ray
  2715 | D:3      | Reached XP level 4. HP: 28/33 MP: 1/7
  3343 | D:3      | Noticed an ogre
  3350 | D:3      | Killed an ogre
  3351 | D:3      | Reached XP level 5. HP: 38/38 MP: 2/9
  3453 | D:3      | Found Uthreleu's Weapon Shoppe.
  3491 | D:3      | Found a sacrificial altar of Ru.
  3501 | D:3      | Found an ornate altar of the Wu Jian Council.
  3501 | D:3      | Found a white marble altar of Elyvilon.
  3502 | D:3      | Found a bloodstained altar of Trog.
  3503 | D:3      | Found a burning altar of Makhleb.
  3503 | D:3      | Found an ancient bone altar of Kikubaaqudgha.
  3504 | D:3      | Found an iron altar of Okawaru.
  3505 | D:3      | Found a glowing golden altar of the Shining One.
  3505 | D:3      | Found a hide-covered altar of Uskayaw.
  3506 | D:3      | Found a shadowy altar of Dithmenos.
  4028 | D:4      | Reached skill level 5 in Conjurations
  4332 | D:4      | Reached XP level 6. HP: 45/45 MP: 11/11
  4565 | D:5      | Entered Level 5 of the Dungeon
  4977 | D:5      | Your scales start taking on a pale cyan-grey colour.
  4977 | D:5      | Reached XP level 7. HP: 50/50 MP: 13/13
  4977 | D:5      | Gained mutation: You are immune to the effects of steam.
                  | [Pale Draconian growth]
  5235 | D:5      | Reached skill level 5 in Spellcasting
  5330 | D:5      | Noticed Duvessa
  5349 | D:5      | Killed Duvessa
  5350 | D:5      | Reached XP level 8. HP: 48/57 MP: 15/16
  5756 | D:5      | Noticed Dowan
  5762 | D:5      | Killed Dowan
  5763 | D:5      | Reached skill level 1 in Fighting
  6028 | D:5      | Identified the +6 chain mail "Umie" {rPois Slay+3}
  6235 | D:2      | Found a runed translucent door.
  6236 | D:2      | Noticed Crazy Yiuf
  6447 | D:2      | Killed Crazy Yiuf
  6582 | D:2      | Killed Terence
  6675 | D:6      | Identified the -2 pair of gloves "Sobank" {Dex+3}
  6701 | D:6      | Noticed Prince Ribbit
  6707 | D:6      | Killed Prince Ribbit
  6708 | D:6      | Reached skill level 5 in Fighting
  6838 | D:6      | Reached skill level 1 in Evocations
  6917 | D:6      | Reached XP level 9. HP: 75/75 MP: 17/18
  7381 | D:6      | Found a snail-covered altar of Cheibriados.
  7487 | D:7      | Found a shimmering altar of Xom.
  7511 | D:7      | Found a staircase to the Ecumenical Temple.
  7518 | Temple   | Entered the Ecumenical Temple
  7562 | Temple   | Became a worshipper of Sif Muna the Loreminder
  7852 | D:7      | Found a radiant altar of Vehumet.
  8051 | D:7      | Reached skill level 5 in Evocations
  8709 | D:8      | Noticed a two-headed ogre
  8712 | D:8      | Reached skill level 1 in Invocations
  8719 | D:8      | Killed a two-headed ogre
  8720 | D:8      | Reached skill level 5 in Invocations
  8928 | D:8      | Reached * piety under Sif Muna
  8938 | D:8      | Reached XP level 10. HP: 83/83 MP: 16/19
  9073 | D:8      | Noticed an elephant
  9291 | D:8      | Found a staircase to the Lair.
  9306 | D:8      | Got The Basics of Spellweaving
  9704 | D:9      | Noticed Joseph
  9707 | D:9      | Killed Joseph
 10195 | D:9      | Found Xihilod's General Store.
 10202 | D:9      | Bought a potion of heal wounds for 70 gold pieces
 10308 | D:10     | Entered Level 10 of the Dungeon
 10525 | D:10     | Found a staircase to the Orcish Mines.
 10761 | D:10     | Found a runed translucent door.
 10761 | D:10     | Found a shimmering altar of Xom.
 10761 | D:10     | Noticed a +0 trident of chaos
 10761 | D:10     | Noticed Hoafok's ghost (journeyman MiFi)
 11320 | D:10     | Identified a scroll of acquirement
 11322 | D:10     | Acquired a +2 buckler of protection
 11354 | D:11     | Noticed a gargoyle
 11357 | D:11     | Killed a gargoyle
 11358 | D:11     | Reached skill level 1 in Shields
 11462 | D:11     | Reached XP level 11. HP: 46/89 MP: 23/24
 11915 | D:11     | Reached ** piety under Sif Muna
 12042 | D:11     | Found a frozen archway.
 12135 | D:11     | Reached skill level 5 in Shields
 12596 | Lair:1   | Entered Level 1 of the Lair of Beasts
 13895 | Lair:2   | Reached skill level 5 in Dodging
 14571 | Lair:2   | Reached XP level 12. HP: 91/104 MP: 25/25
 15567 | Lair:2   | Reached skill level 10 in Fighting
 15751 | Lair:3   | Reached *** piety under Sif Muna
 16855 | Lair:3   | Found a staircase to the Shoals.
 17169 | Lair:3   | Found a hole to the Spider Nest.
 17256 | Lair:3   | Learned a level 5 spell: Fireball
 17314 | Lair:3   | Reached skill level 1 in Fire Magic
 18284 | Lair:4   | Reached skill level 5 in Fire Magic
 18745 | Lair:4   | Reached **** piety under Sif Muna
 19106 | Lair:4   | Found a staircase to the Slime Pits.
 19107 | Lair:4   | Found a viscous altar of Jiyva.
 19189 | Lair:4   | Reached XP level 13. HP: 116/118 MP: 21/26
 19643 | Lair:5   | Entered Level 5 of the Lair of Beasts
 20771 | Lair:5   | Found an opulent altar of Gozag.
 21416 | Lair:5   | Reached skill level 10 in Fire Magic
 21450 | Lair:5   | Reached skill level 10 in Conjurations
 23829 | Lair:5   | Reached XP level 14. HP: 126/126 MP: 6/27
 24117 | Lair:4   | Reached skill level 10 in Spellcasting
 24621 | Lair:5   | Learned a level 4 spell: Iskenderun's Mystic Blast
 24624 | Lair:5   | Learned a level 2 spell: Blink
 24936 | Orc:1    | Entered Level 1 of the Orcish Mines
 24936 | Orc:1    | Noticed Snorg
 24959 | D:10     | Killed Snorg
 25414 | Orc:1    | Found Jokhun's Magic Scroll Shop.
 25422 | Orc:1    | Bought a scroll of identify for 24 gold pieces
 25422 | Orc:1    | Bought a scroll of identify for 24 gold pieces
 25422 | Orc:1    | Bought a scroll of identify for 24 gold pieces
 25422 | Orc:1    | Bought a scroll of identify for 24 gold pieces
 25449 | Orc:1    | Reached ***** piety under Sif Muna
 25768 | Orc:2    | Entered Level 2 of the Orcish Mines
 26542 | Orc:2    | Paralysed by an orc sorcerer for 2 turns
 26621 | Orc:2    | Received a gift from Sif Muna
 26623 | Orc:2    | Got Zifesiuh's Lectures on the Harmful Autopsy {god gift}
 26631 | Orc:2    | Found a staircase to the Elven Halls.
 26658 | Orc:1    | Learned a level 6 spell: Starburst
 26984 | Orc:2    | Found a runed translucent gate.
 26984 | Orc:2    | Found a runed translucent gate.
 26984 | Orc:2    | Found a runed translucent gate.
 27081 | Orc:1    | Noticed Josephine
 27229 | Orc:1    | Killed Josephine
 27594 | Orc:2    | Identified the +0 chain mail "Zetiur" {Will+ Dex+3}
 27595 | Orc:2    | Noticed Endbringerleviathan's ghost (journeyman NaFE)
 28199 | Orc:2    | Found Feun's Book Boutique.
 28645 | Orc:2    | Paralysed by an orc sorcerer for 2 turns
 28655 | Orc:1    | You fall into a shaft and drop 1 floor!
 28906 | Orc:2    | Noticed an orc warlord
 28908 | Orc:2    | Found Zixzesua's Distillery.
 29011 | Orc:2    | Identified the +6 ring mail of Zanuawown {+Blink Str+2}
 29472 | Orc:2    | Bought a potion of cancellation for 112 gold pieces
 29488 | Orc:2    | Found Relistruu's Jewellery Shop.
 29493 | Orc:2    | Found Cauch's Armour Shop.
 29520 | Orc:2    | Paralysed by an orc sorcerer for 5 turns
 29867 | Orc:2    | Found Jaiwom's Book Shoppe.
 30167 | Orc:2    | Killed an orc warlord
 31219 | D:12     | Found a runed translucent door.
 31224 | D:12     | Noticed aor's ghost (journeyman DjBe)
 31252 | D:12     | Noticed Nessos
 31258 | D:12     | Killed Nessos
 31415 | D:12     | Noticed Urug
 31964 | D:12     | Paralysed by a floating eye for 3 turns
 31972 | D:12     | Paralysed by a floating eye for 2 turns
 32063 | D:12     | Killed Urug
 32153 | D:12     | Noticed Frances
 32321 | D:12     | Killed Frances
 32322 | D:12     | Reached XP level 15. HP: 132/132 MP: 11/31
 33871 | D:13     | Found a sacrificial altar of Ru.
 34067 | D:13     | Found a gate to the Vaults.
 34867 | D:13     | Received a gift from Sif Muna
 34868 | D:13     | Reached skill level 15 in Fire Magic
 35797 | D:14     | Found a stormy altar of Qazlal.
 36860 | D:15     | Entered Level 15 of the Dungeon
 36861 | D:15     | Noticed Rupert
 36875 | D:14     | Learned a level 7 spell: Orb of Destruction
 37294 | Shoals:1 | Entered Level 1 of the Shoals
 37527 | Shoals:1 | Received a gift from Sif Muna
 37528 | Shoals:1 | Reached skill level 1 in Translocations
 37684 | Shoals:1 | Noticed Nikola
 37972 | Shoals:1 | Killed Nikola
 38476 | Shoals:1 | Reached skill level 5 in Translocations
 40200 | Shoals:2 | Noticed Ilsuiw
 40930 | Shoals:2 | Killed Ilsuiw
 41118 | Shoals:2 | Reached XP level 16. HP: 88/139 MP: 21/32
 42719 | Shoals:3 | Noticed a kraken
 42725 | Shoals:3 | Killed a kraken
 42980 | Shoals:3 | Received a gift from Sif Muna
 42981 | Shoals:3 | Got Sif Muna's Handbook of the Mutagenic Stinger {god gift}
 43851 | Shoals:4 | Entered Level 4 of the Shoals
 44519 | Shoals:4 | Reached skill level 15 in Conjurations
 47797 | Shoals:4 | Found the +3 giant club "Skullcrusher" {speed, Str+7}
 47890 | Shoals:4 | Got a barnacled rune of Zot
 48225 | Spider:1 | Entered Level 1 of the Spider Nest
 49088 | Spider:1 | Reached XP level 17. HP: 135/152 MP: 4/33
 51427 | Spider:2 | Reached skill level 15 in Fighting
 51430 | Spider:2 | Learned a level 2 spell: Sublimation of Blood
 51578 | Spider:2 | Reached skill level 1 in Necromancy
 53349 | Spider:2 | Reached skill level 5 in Necromancy
 55532 | Spider:4 | Entered Level 4 of the Spider Nest
 55541 | Spider:4 | Noticed Aizul
 55793 | Spider:3 | HP: 7/156 [poisoned by Aizul (poison arrow)]
 56218 | Spider:3 | Killed Aizul
 56364 | Spider:4 | Noticed Arachne
 56506 | Spider:4 | Reached skill level 1 in Earth Magic
 56670 | Spider:4 | Received a gift from Sif Muna
 56677 | Spider:3 | Reached skill level 5 in Earth Magic
 57003 | Spider:3 | Killed Arachne
 57362 | Spider:4 | Got Sif Muna's Precepts of Gusty Assaults {god gift}
 57932 | Spider:4 | Noticed Mara
 58218 | Vaults:1 | Entered Level 1 of the Vaults
 58218 | Vaults:1 | Found Peirokhoe's Distillery.
 58223 | Vaults:1 | Bought a potion of resistance for 100 gold pieces
 58223 | Vaults:1 | Bought a potion of brilliance for 40 gold pieces
 58223 | Vaults:1 | Bought a potion of magic for 80 gold pieces
 58223 | Vaults:1 | Bought a potion of brilliance for 40 gold pieces
 58313 | Vaults:1 | Found Mevvosk Xide's Armour Shop.
 58792 | Vaults:1 | Reached skill level 10 in Earth Magic
 59285 | Vaults:1 | Reached XP level 18. HP: 153/163 MP: 21/34
 59290 | Vaults:1 | HP: 8/163 [crystal guardian[a peacekeeper] (3)]
 60328 | Orc:2    | Bought the amulet "Opoerib" {Regen+ Int+3} for 736 gold
                  | pieces
 60340 | Orc:2    | Bought the ring of Damixtur {rCorr Int+4} for 601 gold
                  | pieces
 60340 | Orc:2    | Bought a ring of protection from fire for 425 gold pieces
 61761 | Vaults:1 | Reached skill level 10 in Invocations
 61954 | Vaults:1 | Identified the staff of cold "Ajapran" {rPois rF+ rC+ Will+
                  | Dex+3}
 62879 | Vaults:1 | Learned a level 5 spell: Irradiate
 62886 | Vaults:1 | Learned a level 6 spell: Plasma Beam
 63351 | Vaults:1 | Received a gift from Sif Muna
 63352 | Vaults:1 | Got Suir's Guidebook on Corruption and Conjuration {god
                  | gift}
 63372 | Vaults:1 | Learned a level 6 spell: Iron Shot
 63923 | Vaults:2 | Reached skill level 1 in Air Magic
 64390 | Vaults:2 | Reached skill level 5 in Air Magic
 66492 | Vaults:2 | Reached XP level 19. HP: 162/167 MP: 4/35
 67002 | Vaults:2 | Reached skill level 10 in Air Magic
 67125 | Vaults:2 | Found a staircase to the Crypt.
 67160 | Vaults:2 | You fall into a shaft and drop 1 floor!
 67166 | Vaults:3 | Noticed Saint Roka
 67186 | Vaults:3 | Killed Saint Roka
 67538 | Vaults:3 | Found Qusutax's Armour Emporium.
 67648 | Vaults:3 | Found a flickering gateway to a bazaar.
 67678 | Bazaar   | Entered a bazaar
 67695 | Bazaar   | Found Feyfuele's Book Shoppe.
 67723 | Bazaar   | Found Wicic's Magic Scroll Shop.
 67737 | Bazaar   | Found Acausiydgh's Jewellery Boutique.
 67753 | Bazaar   | Found Zoreu's Assorted Antiques.
 67773 | Bazaar   | Found Qauduk's Jewellery Boutique.
 67908 | Bazaar   | Bought a scroll of blinking for 90 gold pieces
 67908 | Bazaar   | Bought a scroll of blinking for 90 gold pieces
 67918 | Bazaar   | Bought the ring of the Mage {Wiz Archmagi} for 612 gold
                  | pieces
 67918 | Bazaar   | Found the ring of the Mage {Wiz Archmagi}
 67954 | Bazaar   | Bought a book of Party Tricks for 144 gold pieces
 68337 | Vaults:3 | Acquired 672 gold pieces
 69386 | Vaults:3 | Received a gift from Sif Muna
 69391 | Vaults:3 | Got Sif Muna's Spellbook of Indurated Hurting {god gift}
 70047 | Vaults:3 | Noticed Margery
 70593 | Vaults:3 | Killed Margery
 72565 | Vaults:4 | Reached skill level 15 in Spellcasting
 72913 | Vaults:4 | Reached XP level 20. HP: 178/178 MP: 20/39
 73902 | Vaults:4 | Identified the +1 cloak "Ateub" {rPois rC- rN+ SInv}
 73997 | Vaults:4 | Received a gift from Sif Muna
 74002 | Vaults:4 | Got Sif Muna's Compendium of the Gathering and Trauma {god
                  | gift}
 74411 | D:10     | Killed Hoafok's ghost
 74615 | D:12     | Killed aor's ghost
 74616 | D:12     | Reached skill level 15 in Earth Magic
 75694 | D:15     | Noticed Agnes
 75700 | D:15     | Killed Agnes
 76080 | D:15     | Found an iron altar of Okawaru.
 76725 | D:15     | Found a staircase to the Depths.
 76839 | D:15     | Killed Rupert
 77023 | D:15     | Learned a level 6 spell: Statue Form
 77282 | Elf:1    | Entered Level 1 of the Elven Halls
 77917 | Elf:1    | Identified the +1 robe "Loghiaf" {rF+ Regen+ Str+4 Dex-4}
 78250 | Elf:1    | Found Haoxuecw's Antique Armour Shoppe.
 78301 | Elf:1    | Found an ancient bone altar of Kikubaaqudgha.
 78348 | Elf:1    | Found Daparut's Antique Armour Shoppe.
 78351 | Elf:1    | Found Sixawk's Jewellery Shop.
 78576 | Elf:1    | Noticed Zenata
 78950 | Elf:1    | HP: 7/178 [+2 heavy glaive[Zenata] (27)]
 78951 | Elf:1    | HP: 2/178 [poisoned by a +3 short sword of venom]
 79825 | Elf:2    | Learned a level 2 spell: Poisonous Vapours
 79829 | Elf:2    | Learned a level 3 spell: Ignite Poison
 79942 | Elf:2    | Received a gift from Sif Muna
 79945 | Elf:2    | Got Sif Muna's Atlas of Terrain {god gift}
 80287 | Elf:2    | Found Ceteitrovant's Distillery.
 80456 | Elf:2    | Found a huge runed translucent gate.
 80456 | Elf:2    | Found a huge runed translucent gate.
 80467 | Elf:2    | Found a huge runed translucent gate.
 80505 | Elf:2    | Reached skill level 10 in Dodging
 80824 | Elf:2    | Found a huge runed translucent gate.
 80824 | Elf:2    | Found a huge runed translucent gate.
 80890 | Elf:3    | Entered Level 3 of the Elven Halls
 81364 | Elf:2    | Reached XP level 21. HP: 179/180 MP: 5/40
 81499 | Elf:2    | Learned a level 5 spell: Borgnjor's Vile Clutch
 81759 | Elf:3    | Found a shimmering blue altar of Sif Muna.
 82718 | Elf:3    | Identified the ring "Ykhleron" {*Corrode Fly Dex+4 Stlth+}
 82833 | Elf:3    | Identified the +8 great mace of Reason {flame, Fly Str+2
                  | Int+3 Stlth+}
 82836 | Elf:3    | Identified the +10 battleaxe "Gawk" {freeze, *Corrode rC+
                  | Will+ Int+2}
 82845 | Elf:3    | Reached skill level 1 in Transmutations
 82958 | Elf:3    | Identified the +8 rapier of Benevolence {pain, rElec}
 82966 | Elf:3    | Identified the staff of fire "Qosm" {rF+ Int+3}
 82971 | Elf:3    | Identified the +4 falchion of Winter {antimagic, Fly Int+5}
 82976 | Elf:3    | Got the Quarto of the Sinister Map
 82977 | Elf:3    | Identified the +6 shortbow of a ziggurat {drain, rCorr}
 82978 | Elf:3    | Identified the +8 shortbow of Gowkytoa {heavy, rCorr Int+4
                  | Dex+4}
 82981 | Elf:3    | Got the Atlas of the Many Geomancers
 82993 | Elf:3    | Got the Teachings on Injurious Locality
 83435 | Spider:4 | Killed Mara
 84124 | Spider:4 | Reached skill level 5 in Transmutations
 84773 | Spider:4 | Identified the orb of Tynnaaja {guile, Int+2 Dex+3}
 84787 | Spider:4 | Got a gossamer rune of Zot
 85381 | Orc:2    | Killed Endbringerleviathan's ghost
 85932 | Crypt:1  | Entered Level 1 of the Crypt
 86531 | Crypt:1  | Noticed Boris
 86544 | Crypt:1  | Killed Boris
 87519 | Crypt:1  | Noticed Mennas
 87539 | Crypt:1  | Killed Mennas
 87768 | Crypt:1  | Reached skill level 10 in Transmutations
 88649 | Crypt:2  | Found a transporter.
 88725 | Crypt:2  | Received a gift from Sif Muna
 88726 | Crypt:2  | Got Sif Muna's Incunable of Limned Iniquitous Rites {god
                  | gift}
 89558 | Crypt:2  | Found a transporter.
 89561 | Crypt:2  | Identified the +4 war axe "Draconian's Foe" {flame, Drain
                  | rC++ rCorr}
 89743 | Crypt:2  | HP: 7/176 [??? (4)]
 89747 | Crypt:2  | Reached XP level 22. HP: 42/185 MP: 24/41
 90048 | Crypt:2  | Identified the +2 cloak "Falotouh" {Str+3}
 90544 | Crypt:3  | Entered Level 3 of the Crypt
 92769 | Crypt:3  | Identified the +5 long sword of Trog's Approval {flame, rC+
                  | Str+6}
 92842 | Crypt:3  | Found an ancient bone altar of Kikubaaqudgha.
 92972 | Crypt:3  | Noticed a dread lich
 92982 | Crypt:3  | Received a gift from Sif Muna
 93170 | Crypt:3  | Found a staircase to the Tomb.
 93472 | Crypt:3  | Killed a dread lich
 95554 | Crypt:3  | Got Kaon Yma's Directory of Excruciating Oxidation {god
                  | gift}
 95569 | Crypt:3  | Identified the staff of poison "Ceur" {rElec rPois rF+
                  | Str+3 Int-4}
 95907 | Depths:1 | Entered Level 1 of the Depths
 96286 | Depths:1 | Identified the ring of Vuonaureih {rN+ AC+4}
 96357 | Depths:1 | Identified the +4 swamp dragon scales "Linomiden" {rPois
                  | rC+ Dex+3}
 96453 | Depths:1 | Noticed a juggernaut
 96484 | Depths:1 | Killed a juggernaut
 97003 | Depths:1 | Found a gateway to Hell.
 97599 | Depths:1 | Identified the staff of fire "Pyrue" {Fragile rF+ Str+5}
 97710 | Depths:1 | Reached XP level 23. HP: 211/211 MP: 14/42
 97979 | Depths:1 | You fall into a shaft and drop 1 floor!
 98074 | Depths:1 | Received a gift from Sif Muna
 98075 | Depths:1 | Got Dubedgh's Opusculum on Sandy Incineration {god gift}
 98566 | Depths:1 | Found a shimmering blue altar of Sif Muna.
 98770 | Depths:2 | Found a stormy altar of Qazlal.
 99301 | Depths:2 | Found a corrupted altar of Lugonu.
 99632 | Depths:2 | Found a one-way gate leading to the halls of Pandemonium.
100566 | Depths:2 | Noticed Boris
100637 | Depths:2 | Killed Boris
100758 | Depths:2 | Noticed a juggernaut
101122 | Depths:2 | Killed a juggernaut
102120 | Depths:2 | Found a one-way gate to the infinite horrors of the Abyss.
102236 | Depths:3 | Found a blossoming altar of Fedhas.
102266 | Depths:3 | Received a gift from Sif Muna
102267 | Depths:3 | Got Buontayt's Secrets of Lithic Glamour {god gift}
102729 | Depths:3 | Found Dastrusuzo's Antique Weapon Boutique.
102734 | Depths:3 | Found a runed translucent gate.
102735 | Depths:3 | Found a runed translucent gate.
102735 | Depths:3 | Noticed Pikuto's ghost (adept MiBe)
102736 | Depths:3 | Found a runed translucent gate.
103013 | Depths:2 | Killed Pikuto's ghost
103468 | Depths:3 | Identified the ring of Cieloc {Fire Will+ Slay+2}
104823 | Depths:3 | Noticed a juggernaut
104827 | Depths:3 | Killed a juggernaut
105245 | Depths:3 | Noticed Grunn
105253 | Depths:3 | Killed Grunn
105261 | Depths:3 | Reached XP level 24. HP: 118/216 MP: 2/42
105880 | Depths:4 | Entered Level 4 of the Depths
106151 | Depths:4 | Received a gift from Sif Muna
106157 | Depths:4 | Got Sif Muna's Secrets of the Collective Figure {god gift}
106399 | Depths:4 | Found a glowing golden altar of the Shining One.
106409 | Depths:4 | Found a one-way gateway to a ziggurat.
107304 | Depths:4 | Found a gate to the Realm of Zot.
108411 | Depths:4 | Learned a level 8 spell: Ignition
109232 | Vaults:5 | Entered Level 5 of the Vaults
109233 | Vaults:5 | Received a gift from Sif Muna
109468 | Vaults:5 | Noticed Frederick
109835 | Vaults:5 | Killed Frederick
110050 | Vaults:5 | Received a gift from Sif Muna
110860 | Vaults:5 | Identified the +4 shortbow "Galareh" {elec, Dex+4 Stlth+}
111015 | Vaults:5 | Identified the ring of Yredelemnul's Whim {Wiz +Blink rF+
                  | rC- Int+3}
111176 | Vaults:5 | Identified the +2 hand axe of Shrieking Terror {pain, rPois
                  | MP+9}
111239 | Vaults:5 | Reached XP level 25. HP: 85/225 MP: 30/42
112438 | Vaults:5 | Identified the +6 mace of the Median {holy, *Noise Will+
                  | Int+2}
112685 | Vaults:5 | Identified the staff of conjuration "Ychoczor" {Will-
                  | Str+4}
112740 | Vaults:5 | Received a gift from Sif Muna
112741 | Vaults:5 | Got Ecafoiq's Compendium of the Mutagenic Sixfirhy {god
                  | gift}
112938 | Vaults:5 | Acquired a +1 pair of boots of stealth
112972 | Vaults:5 | Got a silver rune of Zot
113101 | Vaults:5 | Identified the +5 flail of Discord {flame, Stlth+}
113134 | Vaults:5 | Found the +2 shield of Resistance {rF++ rC++ Will++}
113143 | Vaults:5 | Identified the staff of fire "Ysifem" {rF+ rC+}
113372 | Vaults:5 | Identified the +10 plate armour "Mucvu" {Stlth+}
113610 | Zot:1    | Entered Level 1 of the Realm of Zot
113891 | Orc:1    | Bought a scroll of teleportation for 36 gold pieces
113891 | Orc:1    | Bought a scroll of magic mapping for 90 gold pieces
114828 | Zot:1    | Noticed Parghit
114837 | Zot:1    | Found the +4 dragonskin cloak
114837 | Zot:1    | Noticed Tiamat
115319 | Zot:1    | Killed Tiamat
115806 | Depths:4 | Killed Parghit
116442 | Zot:1    | Reached skill level 10 in Shields
116779 | Zot:1    | Acquired the +4 pair of gloves of the Jabberwock {+Inv rF+}
119428 | Zot:2    | Identified the +8 morningstar of Ileezoqo {heavy, Fly
                  | Str+3}
119548 | Zot:2    | Identified the +2 sling of a bazaar {drain, rF+ Str+2
                  | Int+2}
119841 | Zot:2    | Found a runed translucent door.
119842 | Zot:2    | Noticed wilo's ghost (master MfBe)
119944 | Zot:3    | Received a gift from Sif Muna
121642 | Zot:4    | Reached XP level 26. HP: 209/234 MP: 24/42
122634 | Zot:5    | Entered Level 5 of the Realm of Zot
122975 | Zot:5    | Noticed an ancient lich
122975 | Zot:5    | Noticed a dread lich
122976 | Zot:5    | Received a gift from Sif Muna
122983 | Zot:5    | Noticed a dread lich
122983 | Zot:5    | Killed a dread lich
122984 | Zot:5    | Noticed an orb of fire
122986 | Zot:5    | Noticed an orb of fire
123720 | Orc:1    | Bought a scroll of amnesia for 48 gold pieces
123731 | Orc:1    | Learned a level 9 spell: Fire Storm
124470 | Zot:5    | Noticed an orb of fire
124500 | Zot:5    | Killed an orb of fire
124506 | Zot:4    | Gained mutation: You occasionally lose the ability to read
                  | scrolls when taking damage. [mutagenic glow]
124525 | Zot:4    | Gained mutation: You occasionally shout uncontrollably at
                  | your foes. [mutagenic glow]
124813 | Zot:5    | Killed a dread lich
125011 | Zot:5    | Gained mutation: Your magical capacity is low. (-10% MP)
                  | [an orb of fire]
125012 | Zot:5    | Gained mutation: You have a pair of small horns on your
                  | head. [an orb of fire]
125016 | Zot:5    | Killed an orb of fire
125209 | Zot:5    | Killed an orb of fire
125325 | Zot:4    | Lost mutation: You occasionally shout uncontrollably at
                  | your foes. [potion of mutation]
125325 | Zot:4    | Lost mutation: You occasionally lose the ability to read
                  | scrolls when taking damage. [potion of mutation]
125325 | Zot:4    | Lost mutation: You have a pair of small horns on your head.
                  | [potion of mutation]
125325 | Zot:4    | Gained mutation: You have sharp toenails. [potion of
                  | mutation]
125325 | Zot:4    | Gained mutation: You are robust. (+10% HP) [potion of
                  | mutation]
125449 | Zot:5    | Lost mutation: You have sharp toenails. [potion of
                  | mutation]
125449 | Zot:5    | Lost mutation: You are robust. (+10% HP) [potion of
                  | mutation]
125449 | Zot:5    | Gained mutation: You are dopey. (Int -2) [potion of
                  | mutation]
125449 | Zot:5    | Gained mutation: Your spells are a little harder to cast,
                  | but a little more powerful. [potion of mutation]
125449 | Zot:5    | Gained mutation: You have a pair of small horns on your
                  | head. [potion of mutation]
125449 | Zot:5    | Gained mutation: You are covered in fur. (AC +1) [potion of
                  | mutation]
125450 | Zot:5    | Lost mutation: Your spells are a little harder to cast, but
                  | a little more powerful. [potion of mutation]
125450 | Zot:5    | Lost mutation: You have a pair of small horns on your head.
                  | [potion of mutation]
125450 | Zot:5    | Lost mutation: Your magical capacity is low. (-10% MP)
                  | [potion of mutation]
125450 | Zot:5    | Gained mutation: Your system is resistant to poisons.
                  | (rPois) [potion of mutation]
125450 | Zot:5    | Gained mutation: You have a somewhat thin skeletal
                  | structure. (Dex +2, Stealth+) [potion of mutation]
125451 | Zot:5    | Lost mutation: Your system is resistant to poisons. (rPois)
                  | [potion of mutation]
125451 | Zot:5    | Lost mutation: You have a somewhat thin skeletal structure.
                  | (Dex +2, Stealth+) [potion of mutation]
125451 | Zot:5    | Lost mutation: You are dopey. (Int -2) [potion of mutation]
125451 | Zot:5    | Gained mutation: You are agile. (Dex +4, Str/Int -1)
                  | [potion of mutation]
125591 | Zot:5    | Noticed an orb of fire
125598 | Zot:5    | Noticed an orb of fire
125608 | Zot:5    | Killed an orb of fire
125610 | Zot:5    | Gained mutation: You have hidden genetic defects. [an orb
                  | of fire]
125611 | Zot:5    | Noticed a dread lich
125622 | Zot:5    | Killed an orb of fire
125749 | Zot:5    | Killed a dread lich
125945 | Zot:5    | Noticed an orb of fire
125946 | Zot:5    | Gained mutation: You are occasionally teleported next to
                  | monsters. [an orb of fire]
125947 | Zot:5    | Noticed an orb of fire
125951 | Zot:5    | Killed an orb of fire
125951 | Zot:5    | Gained mutation: Potions are less effective at restoring
                  | your health. [an orb of fire]
125955 | Zot:5    | Gained mutation: Your body sometimes deteriorates upon
                  | taking damage. [an orb of fire]
125962 | Zot:5    | Killed an orb of fire
126046 | Zot:5    | Lost mutation: You are covered in fur. (AC +1) [potion of
                  | mutation]
126046 | Zot:5    | Lost mutation: You are occasionally teleported next to
                  | monsters. [potion of mutation]
126046 | Zot:5    | Lost mutation: You have hidden genetic defects. [potion of
                  | mutation]
126046 | Zot:5    | Gained mutation: Your mind is acute. (Int +4, Str/Dex -1)
                  | [potion of mutation]
126046 | Zot:5    | Gained mutation: You expend magic power (3 MP) to
                  | strengthen your wands. [potion of mutation]
126047 | Zot:5    | Lost mutation: You are agile. (Dex +4, Str/Int -1) [potion
                  | of mutation]
126047 | Zot:5    | Lost mutation: Potions are less effective at restoring your
                  | health. [potion of mutation]
126047 | Zot:5    | Gained mutation: You passively dampen the noise of your
                  | surroundings. [potion of mutation]
126047 | Zot:5    | Lost mutation: Your body sometimes deteriorates upon taking
                  | damage. [potion of mutation]
126111 | Zot:5    | Noticed an orb of fire
126127 | Zot:5    | Gained mutation: You are frail. (-10% HP) [an orb of fire]
126129 | Zot:5    | Killed an orb of fire
126203 | Zot:5    | Received a gift from Sif Muna
126204 | Zot:5    | Got Xecomagh's Omnibus of Familiar Astrapomancy {god gift}
126547 | Zot:5    | Noticed an orb of fire
126573 | Zot:5    | Gained mutation: You have a pair of small horns on your
                  | head. [an orb of fire]
126576 | Zot:5    | Killed an orb of fire
126662 | Zot:5    | Killed an ancient lich
126663 | Zot:5    | Reached skill level 15 in Shields
126906 | Zot:5    | Got the Orb of Zot
126932 | Zot:4    | Noticed Kuesmaan the pandemonium lord
127226 | D:14     | Noticed Tyzecw the pandemonium lord
127513 | D:3      | Reached XP level 27. HP: 121/216 MP: 10/42
127611 | D:$      | Escaped with the Orb!

Illustrated notes

Levels and vault maps discovered:
D:1:      lightli_arrival_noodles, layout_basic, shapermc_ecumenical_altar_gd
D:2:      layout_basic, minmay_octomino_c4, uniq_crazy_yiuf_cottage,
          uniq_terence
D:3:      layout_basic, nicolae_overflows_in_rows, serial_shops,
          nicolae_shop_bloodbath_and_beyond, eino_tiny_chamber
D:4:      layout_rooms
D:5:      layout_cave_pools, minmay_fractal_squares_5, uniq_duvessa
D:6:      layout_cave_pools, slow_altar_2, uniq_prince_ribbit1
D:7:      layout_basic, xom_butterflies, mainiacjoe_overflow_24_doors,
          minmay_temple_entry_sparse_star
D:8:      layout_basic, david_lair_generic, serial_rivers,
          chequers_serial_rivers_room_b, chequers_serial_rivers_micro_b,
          chequers_serial_rivers_micro_c, chequers_serial_rivers_micro_b,
          chequers_serial_rivers_small_3, minmay_misc_feat_enclosed,
          nrook_mini_backslash, grunt_decor_cap
D:9:      layout_stronghold, serial_shops, nicolae_shop_trees, uniq_joseph
D:10:     layout_long_grid, orc_0_dummy, ebering_ghost_xom
D:11:     layout_irregular_city, portal_ice_cave_entry_pillars_1
D:12:     layout_loops_cross, ebering_ghost_inner_flame, disabler_island,
          uniq_urug, uniq_frances, uniq_nessos
D:13:     layout_loops_ring, skrybe_vaults_entry_preservation, minivault_4,
          nicolae_ru_great_annihilating_truth
D:14:     layout_loops_corners, lemuel_coloured_pillars_altar
D:15:     grunt_enter_depths_magical_seal, layout_irregular_city,
          hellmonk_okawaru_the_only_friend_you_need, uniq_rupert, uniq_agnes
Temple:   corrupted_temple
Lair:1:   layout_cave_shapes
Lair:2:   layout_misc_corridors
Lair:3:   minmay_lair_oklob_tunnel, layout_long_grid, elwin_shoals_entry_rooms,
          spider_nest_entry_a, beast_lair_carwin_8, infiniplex_staircase_pool_2
Lair:4:   layout_roguey [special_room_bee], slime_entry_1, st_stairs_5,
          kennysheep_catoblepas_arena
Lair:5:   evilmike_catoblepas_cave, layout_gridlike, basic_altar,
          grunt_megastairs_1
Shoals:1: layout_shoals, uniq_nikola
Shoals:2: layout_shoals, uniq_ilsuiw
Shoals:3: layout_shoals, nicolae_shoals_beach_house_on_fowls_legs
Shoals:4: shoals_end_grunt_ice, layout_shoals, shoals_ilsuiw_alternative,
          serial_shops, bzr_entry_customers
Spider:1: layout_chambers, drop_trap, nicolae_spider_bug_shape
Spider:2: layout_cave_pods
Spider:3: layout_spider_delve
Spider:4: hellmonk_spider_rune_bug_friends, guppyfry_hornet_nest, uniq_aizul,
          uniq_arachne, uniq_mara
Orc:1:    layout_caves, serial_shops, nicolae_diamond_shop, uniq_josephine,
          uniq_snorg
Orc:2:    hellmonk_orc_salted, layout_diamond_mine, biasface_ghost_orc_armoury,
          serial_shops, shop
Elf:1:    eino_elf_arrival_shootout, layout_geoelf_diagonals, serial_shops,
          nicolae_shop_hallway_stairs, shop_statue, nicolae_shop_statue_plus,
          minmay_elf_annihilation, lemuel_statue_altar,
          nicolae_twisting_strands, uniq_zenata
Elf:2:    elven_hall_of_blades_hangedman_alternative
          [nicolae_blade_entry_pointy_end], layout_loops_corners, serial_shops,
          shop
Elf:3:    minmay_elf_hall_statues, layout_gridlike, basic_altar
Vaults:1: nicolae_vaults_prndl, nicolae_vaults_closet_pinwheel_3,
          nicolae_vaults_network_star, nicolae_vaults_crenellated_ambush,
          nicolae_vaults_offset_grid_hallway_1, v_pattern_5,
          hangedman_vaults_maws, layout_vaults_big_room, serial_shops,
          nicolae_shop_temple_entry_statues_fountains, shop_fountains
Vaults:2: nicolae_vaults_trapezoid_lopsided_4, minmay_crypt_entry_simple_round,
          hangedman_vaults_stagger, ontoclasm_vaults_tryst,
          nicolae_vaults_whirlpool_walls, nicolae_vaults_network_square,
          ontoclasm_vaults_spin, nicolae_vaults_closet_pinwheel_1,
          nicolae_vaults_mitosis, ontoclasm_vaults_pinch,
          nicolae_vaults_diamond_1, layout_vaults_ring
Vaults:3: nicolae_vaults_sealed_display,
          nicolae_vaults_taking_the_gang_shopping,
          nicolae_vaults_closet_pinwheel_2, nicolae_vaults_storage_closets_1,
          nicolae_vaults_network_barrier, nicolae_vaults_three_branches,
          vaults_room_semicircle, vaults_dpeg_ring,
          nicolae_vaults_storage_room_statues, layout_vaults_quadrants,
          serial_shops, bzr_entry_lakeside, uniq_saint_roka, uniq_margery
Vaults:4: serial_ice_b, v_rooms_6, v_rooms_4, nicolae_vaults_back_hallway,
          nicolae_vaults_windows_and_doors_thing, nicolae_vaults_network_s,
          v_misc_27, vaults_room_door_hall, v_misc_19, vaults_room_large_hall,
          vaults_dpeg_doors, vaults_dpeg_hooks, nicolae_vaults_shelves_hall,
          layout_vaults_maze_bifur
Vaults:5: serial_shops, uniq_frederick
Crypt:1:  layout_regular_city, uniq_mennas, uniq_josephina, uniq_boris
Crypt:2:  gammafunk_sealed_arena, layout_catacombs
Crypt:3:  church_of_pain_bobbens, layout_chaotic_city,
          nicolae_tomb_entry_unfolded_pyramid_orthogonal, serial_sigils,
          serial_sigils_hangedman_scratch, serial_sigils_hangedman_quiver,
          serial_sigils_hangedman_stare, serial_sigils_hangedman_gut
Depths:1: minmay_complete_graph, layout_gridlike, grunt_mini_vestibule,
          solitary_fountain, hangedman_abyss_or_decor_jellyfish_corner,
          minmay_tree_intersection, chequers_serial_rivers_micro_b,
          lemuel_blue_sif_altar
Depths:2: minmay_connected_boxes_in_corner, layout_basic, grunt_decor_clamped,
          grunt_pan_entry_in_and_out, abyss_entry_flame_altar, hell_entry,
          nicolae_qazlal_scattered_showers, infiniplex_staircase_zigzag_2,
          serial_bayou_shore_a, serial_bayou_shore_b
Depths:3: evilmike_diamond_2, layout_cave_pools, serial_shops, shop,
          biasface_ghost_demon_polymorph, minmay_room_of_horrors, hell_entry,
          fedhas_altar_2, uniq_grunn
Depths:4: grunt_zot_entry_bicorn, layout_gridville, enter_ziggurat_b,
          hell_entry, tso_metal_star, minmay_three_doors
Zot:1:    layout_twisted_circle, uniq_parghit, uniq_tiamat
Zot:2:    kennysheep_blocky_hall, layout_concentric_octagons,
          gammafunk_ghost_grave, hangedman_zot_wheel_spokes
Zot:3:    layout_onion_interference, grunt_megastairs_4
Zot:4:    layout_misc_corridors
Zot:5:    layout_misc_corridors

Skill      XL: |  1  2  3  4  5  6  7  8  9 10 11 12 13 14 15 16 17 18 19 20 21 22 23 24 25 26 |
---------------+-------------------------------------------------------------------------------+-----
Stealth        | 2 3 4 |  4.0
Spellcasting   | 3 4 5 6 9 12 15 | 15.0
Conjurations   | 5 6 7 8 10 11 12 16 19 21 24 | 24.0
Fighting       | 6 9 12 14 15 18 | 18.4
Evocations     | 2 6 7 8 |  8.0
Dodging        | 4 6 10 12 | 12.0
Invocations    | 6 8 12 | 12.0
Shields        | 2 6 12 15 | 15.9
Fire Magic     | 7 12 14 16 17 22 24 | 24.0
Translocations | 6 |  6.0
Necromancy     | 8 |  8.0
Earth Magic    | 11 12 16 | 16.0
Air Magic      | 9 12 | 12.0
Transmutations | 11 12 | 12.0

Action                     |  1- 3 |  4- 6 |  7- 9 | 10-12 | 13-15 | 16-18 | 19-21 | 22-24 | 25-27 || total
---------------------------+-------+-------+-------+-------+-------+-------+-------+-------+-------++-------
  Melee: Dagger            |    10 |    23 |     2 |     3 |       |       |       |       |       ||    38
         Tailslap          |       |     2 |       |     2 |    22 |    44 |    26 |     8 |     5 ||   109
         Punch             |       |     1 |       |       |       |       |       |       |       ||     1
         Short sword       |       |       |       |    10 |    18 |       |       |       |       ||    28
         Staff             |       |       |       |       |    61 |   203 |    87 |    27 |    10 ||   388
   Cast: Magic Dart        |   104 |    64 |    90 |   187 |    29 |       |       |       |       ||   474
         Searing Ray       |     3 |    11 |    43 |   169 |    61 |     2 |       |       |       ||   289
         Fireball          |       |       |       |     2 |   272 |   161 |       |       |       ||   435
         Starburst         |       |       |       |       |   222 |   372 |   155 |   108 |    13 ||   870
         Iskenderun's Myst |       |       |       |       |    13 |     9 |     1 |       |       ||    23
         Blink             |       |       |       |       |     7 |    11 |     3 |     4 |     2 ||    27
         Orb of Destructio |       |       |       |       |       |   108 |    38 |     8 |       ||   154
         Sublimation of Bl |       |       |       |       |       |     3 |    39 |   114 |    95 ||   251
         Iron Shot         |       |       |       |       |       |    32 |   317 |   506 |   339 ||  1194
         Irradiate         |       |       |       |       |       |     9 |    70 |    35 |    10 ||   124
         Plasma Beam       |       |       |       |       |       |     2 |    18 |    60 |    31 ||   111
         Poisonous Vapours |       |       |       |       |       |       |    72 |    48 |   124 ||   244
         Statue Form       |       |       |       |       |       |       |    16 |     9 |       ||    25
         Ignite Poison     |       |       |       |       |       |       |    37 |    24 |    72 ||   133
         Chain Lightning   |       |       |       |       |       |       |     1 |       |       ||     1
         Borgnjor's Vile C |       |       |       |       |       |       |    30 |   169 |    49 ||   248
         Ignition          |       |       |       |       |       |       |       |     1 |    22 ||    23
         Fire Storm        |       |       |       |       |       |       |       |       |    17 ||    17
 Invoke: Channel Magic     |       |       |       |       |     1 |    15 |     7 |     4 |    10 ||    37
         Divine Exegesis   |       |       |       |       |       |       |     1 |       |       ||     1
Ability: Breathe Steam     |       |       |    21 |    74 |    41 |     7 |       |       |       ||   143
         End Transformatio |       |       |       |       |       |       |       |     4 |       ||     4
  Evoke: Wand              |       |     4 |     8 |    14 |    12 |    16 |    16 |     1 |     5 ||    76
         Lightning rod     |       |       |       |       |     4 |    10 |       |       |       ||    14
         Condenser vane    |       |       |       |       |       |     3 |     1 |       |       ||     4
    Use: Scroll            |     4 |     3 |     3 |    13 |    17 |    11 |    10 |     7 |    18 ||    86
         Potion            |       |       |       |     1 |     1 |     9 |     6 |     9 |     9 ||    35
   Stab: Sleeping          |       |       |     1 |       |     1 |       |       |       |       ||     2
 Armour: Skin              |     5 |     9 |    10 |    76 |   157 |   413 |   336 |   261 |    91 ||  1358
  Dodge: Dodged            |    33 |    39 |    39 |   269 |   377 |   618 |   424 |   410 |   165 ||  2374
  Block: Buckler           |       |       |       |   105 |   157 |   293 |   228 |   160 |     9 ||   952
         Kite shield       |       |       |       |       |       |       |       |       |   127 ||   127
